Workbook
Name ACCIONES: #REF!
Name CONTROL: #REF!
Name FACTOR: #REF!
Name IMP: [1]TABLAS!$A$12:$A$15
Name NIVEL: #REF!
Name NIVELIMPACTO: #REF!
Name NIVELPRO: #REF!
Name PROBABILIDAD: #REF!
Name PROCESOS: #REF!
Name REMOTA: #REF!
Name VALORRIESGO: #REF!
Name VARPRO: [1]TABLAS!$A$5:$A$8

Sheet FOR-DES-16
C2: SEGUIMIENTO A RIESGOS
M3: CÓDIGO | P3: FOR-DES-16
M5: VERSIÓN | P5: 01
M7: VIGENCIA | P7: OCTUBRE 2020
B10: PROCESO | C10: RIESGO IDENTIFICADO | D10: 2022-I
D11: VALORACIÓN INICIAL DEL RIESGO (Riesgo Inherente) | E11: VALORACIÓN FINAL DEL RIESGO (Riesgo Residual) | F11: #PLAN DE MEJORAMIENTO | G11: SEGUIMIENTO POR CONTROL INTERNO 2022-1 | R11: SEGUIMIENTO POR CONTROL INTERNO 2022-2 | AC11: SEGUIMIENTO DE ENERO A JUNIO DE 2023-1 | AD11: SEGUIMIENTO JULIO A DICIEMBRE DE 2023-2 | BK11: SEGUIMIENTO ENERO A DICIEMBRE 2024
A12: 1 | B12: DIRECCIONAMIENTO ESTRATEGICO | C12: Probabilidad de impacto económico y reputacional por manipulación de estudios previos o de factibilidad y falta de adherencia al manual de contratación debido a la falta de integridad del servidor publico. | D12: ='Matriz de riesgos Inst'!T13 -> ALTO | E12: ALTO | F12: Se cumplió con lo establecido en el plan de mejoramiento para que los controles se mitigaran y evitar la materialización del riesgo | G12: 1. Al seguimiento por Control interno se pudo evidenciar que en los estudios previos la oficna asesora juridíca realizó la verificación de los requisitos contractuales en cada proceso. Igualmente se evidenció que desde la oficina jurídíca se está desarrollando el plan piloto de implementación de la plataforma secop II transaccional, lo que permitirá una mayor transparencia y publicidad en los procesos contractuales.Se contrato un asesor para capacitación en Secop II. 2. Se verificó por control interno que la oficina de comunicaciones socializó a través de los correos de los funcionarios el Código de Conducta y Buen Gobierno. 3. Al seguimiento por Control interno se pudo evidenciar que en los estudios previos la oficna asesora juridíca, realizó la verificacion de los requisitos contractuales en cada proceso. Igualmente se evidenció que desde la oficina juridíca se está desarrollando el plan piloto 1. de implementación de la plataforma secop II transaccional, lo que permitirá una mayor transparencia y publicidad en los procesos contractuales.Se contrato un asesor para capacitación en Secop II. | R12: 1. Se verificó por control interno que con la implementacion del uso de la plataforma Secop II transaccional, se evidenció la intervencion de nuevos oferentes y sus observaciones se tuvieron en cuenta para la mejora contínua del proceso contractual. 2. Se verificó por control interno que la oficina de comunicaciones socializó a través de los correos de los funcionarios el Código de Conducta y Buen Gobierno. 3. En la muestra tomada en la vigencia 2022 por control interno se evidenció que los contratos cuentan con el formato Sarlaft, diligenciado por cada proveedor para dar cumplimiento a los riesgos de corrupción. | AC12: 1.- Se verifica por control interno que cada uno de los procesos contractuales, contienen los estudios previos correspondientes ( en los que aplica), y estos a su vez contienen estudios de mercado realizados a través de la plataforma Secop II. 2.- Se verificò por control interno que en la inducciòn y reinducciòn que se realizò al inicio de la vigencia fiscal 2023 y desde el Proceso de Talento Humano se socializò el Código de Conducta y Buen Gobierno, para fortalecer en los funcionario los principios y valores institucionales. 3.-Al seguimiento por control interno en el primer semestre de 2023 se evidenció que los contratos cuentan con el formato Sarlaft, diligenciado por cada proveedor para dar cumplimiento a los riesgos de corrupción y la verificacion en la UIAF. 4.- Se verificò que se incluyo un nuevo control al riesgo y se establecíó que la plataforma del secop II es administrada por el equipo juridico y solo se han otorgado permisos con restricciones de seguridad a los equipos de los diferentes procesos | AD12: 1.- Se verifica por control interno que en cada uno de los procesos contractuales se cumpliò con los requisitos establecidos en el manual de procedimiento, tales como estudios previos y estudios de mercado y se pueden visualizar en la plataforma del Secop II. durante la vigencia 2023 y conforme a la dinàmica del hospital el comitè de contrataciòn aprobò cambios en el procedimiento que han permitido mayor participaciòn de las àreas involucradads en el proceso de contractual, especialmente en la elaboracion de estudios de mercado, fundamentales para los estudios previos de cada proceso. Igualmete se capacitò al equipo financiero sobre la metodologia para construir indicadores financieros. 2.- Se verificò por control interno que se fortaleciò la socializaciòn del Código de Conducta y Buen Gobierno en la Feria de la Excelencia por Talento humano, dirigida a todos los funcionarios. 3.- En el segundo semestre la revisorìa fiscal, realizò auditorÍa a la contrataciòn en donde se evidenció en muestra tomada que se contaba con los formatos Sarlaft en las carpetas contractuales y la verificación en la UIAF. 4.- Se verificò que se continúan otorgando permisos controlados para acceder a la plataforma Secop II. | BK12: 1.- Se estableció que al realizar la contratación del hospital se cumple con los requisitos legales estalecidos en el Manual y el procedimiento, igualmente la entidad viene desarrollando y aplicando la plataforma del Secop II transaccional, plataforma que puede ser revisada en tiempo real y verificar que todos los requisitos contractuales son publicados. Desde el último semestre de 2023 se aprobaron cambios en el procedimiento que se han venido aplicando en la vigencia 2024 relacionados con la elaboración de estudios de mercado, fundamentales para los estudios previos de cada proceso. 2.- En el segundo semestre de 2024 se fortaleció la adherencia al Código de Conducta y Buen Gobierno, dirigida a todos los funcionarios de la entidad y se realizaron cpacitaciones en contratación relacionadas con el nuevo estatuto de Contratación.
A13: 2 | B13: DIRECCIONAMIENTO ESTRATEGICO | C13: Probabilidad de impacto económico y reputacional por entrega de bienes o servicios que no cumplen con el objeto contractual y que se certifican como recibido a satisfacción debido a la falta de una adecuada supervisión del contrato para recibir los bienes o servicios. | D13: ='Matriz de riesgos Inst'!T15 -> MODERADO | E13: ='Matriz de riesgos Inst'!AJ15 -> MODERADO | F13: Se cumplió con lo establecido en el plan de mejoramiento para que los controles se mitigaran y evitar la materialización del riesgo | G13: En la muestra tomada por control interno de los contratos suscritos en la presente vigencia fiscal, se evidenció que se trámitó por el proveerdor y por la entidad el formato Sarlaft. Se evidenció igualmente la consulta en la base de datos de la UIAF. | R13: 1. Se evidenció por control interno en la muestra tomada de contratos que el 100% cuenta con la designación de un supervisor y/o interventor. Igualmente se evidenció que dependiendo del tipo de contrato, asi mismo los supervisores o interventores presentan los informes de ejecución. Los informes se pueden visualizar en el contrato electrónico. Es importante anotar que es responsabilidad de cada uno de los supervisores entregar los avances correspondientes y publicarlos en el contrato electrónico. 2.Se estableció con control interno que al terminar la vigencia 2022 se realizaron las capacitaciones dirigidas a supervisores, interventores, líderes, auxiliares y técnicos que intervienen en el proceso de contratación. Se verificaron las listas de asistencia y se cumplió en un 100%. 3. En la muestra tomada por control interno de los contratos suscritos en la presente vigencia fiscal, se evidenció que se trámita por el proveerdor y por la entidad el formato Sarlaft. Se evidenció igualmente la consulta en la base de datos de la UIAF. | AC13: 1.- Se evidencia que todos los contratos cuentan con un supervisor quien es el que certifica la entrega a satisfacción de los bienes o servicios contratados. Lo descrito es certificado en la plataforma Secop II para el primer semestre de 2023. 2.- Se verifica por control interno que se trabajo en identificar un nuevo control al riesgo y a este se le harà seguimiento en el segundo semestre de 2023. 3.- Se establece por control interno que el cronograma de capacitaciones debio ser pospuesto en razon a que actualmente, se desarrolla la auditoria integral de la contraloria dptal. No obstante se verifica que se presta apoyo a todos los supervisores y funcionarios de apoyo que lo requieran para el desarrollo de la supervisión. Igualmente al tomar muestra de los contratos se estableció que estos cuentan con los informes de supervisión. También se observa que desde la oficina jurídica se requirió a los supervisores para que allegaran los informes correspondientes . | AD13: 1.- Se evidencia que todos los contratos cuentan con un supervisor quien es el que certifica la entrega a satisfacción de los bienes o servicios contratados. Lo descrito es certificado en la plataforma Secop II para el segundo semestre de 2023. 2.- Se verifica por control interno que en el segundo semestre de 2023, se capacitaron a los supervisores en el diligenciamiento y construcciòn de los informes de ejecuciòn y actas de recibo a satisfacciòn. 3.- Se establece que se realizarón capacitaciones en el segundo semestre, a supervisores y auxiliares y tècnicos que intervienen en el proceso contractual. | BK13: 1.- Al seguimiento por control interno se tomo una muestra de los contratos que se han ejecutaron en la vigencia 2024 en donde se estableció que los contratos cuentan con el supervisor y estos entregan los informes de manera regular y a su vez son subidos a la plataforma de Secop II transaccional. 2.- En el primer semestre de 2024 no se capacitaron a los supervisores, auxiliares y técnicos y en el segundo semestre se realizo capacitacion en contratación relacionada con el nuevo estatuto de Contratación dirigida a los principales intervinientes del proceso contractual de la entidad.
A14: 3 | B14: DIRECCIONAMIENTO ESTRATEGICO | C14: Probabilidad de impacto económico y reputacional debido a la omisiòn del debido proceso y el incumplimiento en el trámites de las etapas procesales, Ajustado | D14: ='Matriz de riesgos Inst'!T16 -> ALTO | E14: ='Matriz de riesgos Inst'!AJ16 -> MODERADO | F14: Los riesgos fueron identificados en la vigencia 2022 y se han ajustado de acuerdo a la normativa y procedimiento | G14: Se verificó por control interno que se realizó seguimiento a los procesos a través de una herramienta para presentar el estado actual de los procesos. | R14: Al finalizar el 2022 se evidenció que se implementó una herramienta electrónica en donde se desarrollará en la vigencia 2023 para realizar el seguimiento a los procesos. Igualmente se verificó que al finalizar la vigencia 2022, se evidenciaron: 16 procesos para realizar auto de pliego de cargos, 11 procesos para estudio de caso y definir situación, 2 procesos para indagación preliminar, 3 procesos en práctica de pruebas, 2 procesos cerrados, 3 procesos para auto de apertura, 1 proceso para auto de acumulación. | AC14: Se evidencia la implementaciòn de una herramienta que sirve para realizar el seguimiento y control de los tèrminos de los procesos a cargo de la oficina de control disciplinario. Se verificò en el primer semestre que se realizó informe de gestión con corte a 30 de junio de 2023: se evidencian 78 procesos disciplinarios, en los siguientes estados: prescritos 11, caducados 1, pendiente de archivo 1, procesos proximos a prescibir 3, activos 27 y aperturados 35. Frente a los procesos prescritos y caducados se darà apertura a proceso disciplinario si hay lugar. Se incluyo nuevo control ver FOR-DES-14 y se le hara seguimiento en el segundo semestre de 2023 | AD14: 1. Al seguimiento en el segundo semestre de 2023 se continúa actualizando la herramienta que sirve para realizar el seguimiento y control de los tèrminos de los procesos a cargo de la oficina de control disciplinario, en donde se verificò que en el segundo semestre existen :80 procesos disciplinarios en los siguientes estados: prescritos 3, con resolución de archivo 22, procesos proximos a prescibir 5, activos 50 y en el segundo semestre 12 procesos aperturados . Frente a los procesos prescritos y caducados se dió apertura a proceso disciplinario. 2. Control interno verifico que el asesor de control interno disciplinario realizò seguimiento a todos los procesos a cargo de la oficina, verificando que al finalizar el segundo semestre de 2023, los procesos avanzan de acuerdo a las etapas procesales establecidas por lanborma sin dar lugar a vencimiento de tèrminos y vulneraciones de derechos procesales. | AE14: Al seguimiento por control interno se estableció que en la vigencia 2024 se trabajó utilizando la herramienta en excell, en donde se tiene el control de todos los procesos y su estado en donde se adelanta la fase de instrucción. Igualmente se verificó que al terminar la vigencia se cuenta con: 56 procesos, 40 están activos, 12 fueron archivados, se aperturaron 16 procesos, se trasladaron 4 para juzgamiento y hubo un traslado a la Procuraduría por competencia.
A15: 4 | B15: DIRECCIONAMIENTO ESTRATEGICO | C15: Probabilidad de impacto económico y reputacional por conducta deshonesta que utilice la influencia de manera personal para dar preferencias o favorecimientos en la dosificaciòn de una posible sanciòn disciplinaria o archivo del expediente | D15: ALTO | E15: ALTO | F15: Los riesgos fueron identificados en la vigencia 2022 y se han ajustado de acuerdo a la normativa y procedimiento | G15: Se verificó por control interno que La Oficina Asesora de Planeaciòn definió las estratégias para mejorar la adherencia de la politica Anticorrupciòn para los funcionarios de la entidad, proveedores y contratistas y se verificó que desde el proceso de Talento Humano, se planificaron las jornadas de inducciòn y reinducciòn donde se socializó el Codigo de Integridad y el Código de Conducta y Buen Gobierno, en donde el asesor de control interno disciplinario asistió. | R15: Al finalizar la vigencia fiscal se verificó que el riesgo no se materializó y se evidenció que hubo aherencia a la política anticorrupción y a los códigos de integridad y de conducta. | AC15: Al hacer seguimiento al control se evidencio el estado de los procesos y se estan ejecutando conforme a las fases y carga procesal del despacho. Al riesgo se le identificò un nuevo control y se le harà segumiento en el segundo trimestre de 2023 | AD15: 1. Se verifica por control interno que en la vigencia 2023 el asesor de control interno disciplinario, asistiò a las capacitaciones planificadas por talento humano y relacionadas con el Còdigo de Conducta y Buen Gobierno y de Integridad y se realizò en la feria de la excelencia en el segundo semestre de 2023. La capacitacion del còdigo de intergidad estuvo a cargo de la oficina de talento humano y la socializaciòn del còdigo de conducta y buen gobierno estuvo a cargo de la ofiina asesora de planeaciòn. 2.Se verifica que el asesor de control disciplinario realizò encuesta de mediciòn anticorrupciòn para establecer que se esten cumpliendo con las normas anticorrupciòn. | BK15: 1. Al seguimiento se establecio que el asesor de control interno disciplinario asisitió a la capacitacion "Manejo del Lenguaje no Violento" planeada desde Talento humano y establecidas en el PIC para la vigencia 2024. Se realizó la feria de la excelencia para el segundo semestre de 2024 en donde se reforzó la adherencia al código de conducta y buen gobierno. 2.Se verificó que el asesor de control disciplinario realizò encuesta de mediciòn anticorrupciòn en el primer semestre de la vigencia.
A16: 5 | B16: DIRECCIONAMIENTO ESTRATEGICO | C16: Probabilidad de impacto reputacional por pérdida de expediente, debido a la falta de controles en la custodia del archivo | D16: ='Matriz de riesgos Inst'!T18 -> ALTO | E16: ='Matriz de riesgos Inst'!AJ18 -> MODERADO | F16: Los riesgos fueron identificados en la vigencia 2022 y se han ajustado de acuerdo a la normativa y procedimiento | G16: Control interno verificó que se cuenta con un libro radicador en donde se visualizan todos los procesos que se han iniciado por vigencias, teniendo un control en el inventario de los expedientes. Se verificó igualmente que se dará inició en la vigencia 2023 con la digitalizacion de los expedientes. | R16: Al seguimiento por control interno se estableció que para la vigencia 2023 se cambió la herramienta para llevar el control de los expedientes y al inicio de la vigencia 2023 se iniciará con la digitalización de los expedientes. | AC16: Se evidencia que se cuenta con una matriz consolidada de datos de los expedientes en donde estan relacionados e identificados y sus estados Al riesgo se le identifico un nuevo control y se le hara seguimiuento en el segundo semestre de 2023 | AD16: 1. Al seguimiento se evidenciò que se tiene el control de todos los expedientes por cuanto se le realiza seguimiento en la herramienta controloda de manera electrònica y se evidencia que los expedientes estàn archivados debidamente. 2. En el segundo semestre de 2023 se realizò Backup a la informaciòn que se tiene digital, garantizando la custodia de la misma. | BK16: 1. Se verifica que se continua realizando el seguimiento de todos los expedientes a través de la herramienta controloda de manera electrònica y se verificó que los expedientes estàn archivados debidamente.
A17: 6 | B17: DIRECCIONAMIENTO ESTRATEGICO | C17: Probabilidad de impacto económico y reputacional por sanciones de los entes de control atribuibles al proceso de contratación debido a que la capacitación dirigida a los funcionarios sobre el proceso contractual no es eficaz. | D17: ='Matriz de riesgos Inst'!T19 -> BAJO | E17: ='Matriz de riesgos Inst'!AJ19 -> BAJO | F17: Se cumplió con lo establecido en el plan de mejoramiento para que los controles se mitigaran y evitar la materialización del riesgo | G17: Se verificó por control interno que la oficina asesora jurídica realizaó capacitaciones dirigida a los líderes y supervisores de contrato en el desarrollo y aplicación del SECOP II. Se evidencia que se contrato los servicios de un profesional en Secop II. | R17: Al finalizar la vigencia, se evidenció que se contó con el apoyo de un asesor en el uso de la plataforma Secop II, quien capacitó a todos los lideres, supervisores, técnicos y auxiliares que intervienen en el proceso de contratación. Se cumplio en un 100% el desarrollo del control. | AC17: Se establece por control interno que el cronograma de capacitaciones debió ser pospuesto en razón a que actualmente, se desarrolla la auditoría integral de la Contraloría Dptal. No obstante se verifica que se presta apoyo a todos los supervisores y funcionarios de apoyo que lo requieran para el desarrollo de la supervisión. Igualmente al tomar muestra de los contratos se estableció que estos cuentan con los informes de supervisión. También se observa que desde la oficina jurídica se requirió a los supervisores para que allegaran los informes correspondientes . | AD17: Se evidencia que en el segundo semestre se realizaron capacitaciones a los supervisores, auxiliares y tècnicos sobre el proceso contractual y se evidencia en los registros de asistencia. | BK17: Se establece que las capacitaciones a los supervisores, auxiliares y técnicos sobre el proceso contractual se realizó de acuerdo al plan de trabajo del proceso jurídico establecido para la vigencia 2024.
A18: 7 | B18: DIRECCIONAMIENTO ESTRATEGICO | C18: Probabilidad de impacto reputacional por poca disponibilidad de la información y fallas en la metodología para la formulación del Plan de Desarrollo debido a la baja participación del personal | D18: ='Matriz de riesgos Inst'!T20 -> BAJO | E18: ='Matriz de riesgos Inst'!AJ20 -> BAJO | F18: Se cumplió con lo establecido en el plan de mejoramiento para que los controles se mitigaran y evitar la materialización del riesgo | G18: Se verificó por parte de Control interno que se aplica la metodología establecida en el procedimiento PRO-DES 01 Plan Estratégico Institucional, para la elaboración, aprobación, divulgación, ejecución y seguimiento del plan de desarrollo institucional, documento que se encuentra publicado en la plataforma documental de la entidad. | R18: Al finalizar la vigencia 2022, se observó que se realizó la revisión anual de la Plataforma estratégica, mediante un ejercicio denominado revisión por la dirección, en donde se revisa la plataforma estratégica, el cual se encuentra gestionada en: la carpeta compartida del Sistema Integrado de Gestión. Igualmente se realizaron 4 seguimientos trimestrales al cumplimiento del POA institucional, los cuales fueron presentados en comité de gerencia y socializados a la junta dirtectiva. Se evidencian actas del comité de gerencia y actas de junta directiva. | AC18: Control interno evidenciò que en el primer semestre de 2023 se han presentado informes periòdicos a la alta direcciòn y a la junta directiva sobre los avances al plan de desarrollo institucional del HDPUV. Adicionalmente la entidad conserva la acreditaciòn y la certificaciòn en sistemas integrados de gestiòn distinciòn otorgada por el Icontec. En el primer semestre se prepara la entidad para recibir visitas de seguimiento por el ente acreditador. Igualmente se evidenciò que se realizò socializaciòn de los avances mediante piezas gràficas dirigidas a los grupos de interès del hospital. | AD18: Control interno evidenciò que en el segundo semestre de 2023 se han presentado informes periòdicos a la alta direcciòn y a la junta directiva sobre los avances al plan de desarrollo institucional del HDPUV. Adicionalmente la entidad conserva la acreditaciòn y la certificaciòn en sistemas integrados de gestiòn distinciòn otorgada por el Icontec. En el segundo semestre del año 2023 se recibio la visita del Icontec para la recertificacion de los sistemas integrados de gestion, la cual fue lograda satisfactoriamente por la entidad. | BK18: Control interno evidenciò que en la vigencia 2024 se construyó y se presentó el Plan de Desarrollo para la vigencia 2024-2028. Se han venido revisando los avances del plan en el comité de gerencia y también se realizó seguimiento a los avances del POAI. El HDPUV conserva la Certificación en los Sistemas de Gestión de Calidad bajo la NTC ISO 9001:2015, Sistema de Gestión Ambiental bajo la NTC ISO 14001:2015 y el Sistema de Gestión de la Seguridad y Salud en el Trabajo bajo la NTC ISO 45001:2018. Como resultado de la visita de renovación del ciclo de acreditación realizada en el mes de mayo de 2024, se recibe el informe por parte del ente acreditador ICONTEC en el segundo semestre de 2024, en el que aprueban mantener la certificación como entidad acreditada en salud por 4 años mas, evidenciando la mejora continua en nuestros procesos y continuar prestando servicios en salud mental con altos estándares de calidad para la poblacion del valle del cauca y el suroccidente Colombiano.
A19: 8 | B19: DIRECCIONAMIENTO ESTRATEGICO -SICOF | C19: Posibilidad de impacto economico y reputacional por adquirir bienes innecesarios, para favorecimiento propio o de un tercero y que no cumplen con las especificaciones técnicas establecidas en el contrato y la necesidad del servicio y no fueron incluias en el plan anual de adquisiciones | D19: ALTO | E19: ALTO | F19: Se cumplió con lo establecido en el plan de mejoramiento para que los controles se mitigaran y evitar la materialización del riesgo | G19: El riesgo fue identificado en el segundo semestre de 2023. | R19: Se verificò por control interno que se realiza el comité de compras, y èstas son analizadas de acuerdo al plan anual de adquisiciones . | AC19: Se vetrificò por control interno que el asesor de planeaciòn es el responsable de reportar en el plan anual de adquisiuciones todas las solicitudes para la adquisiciòn de bienes en cada vigencia y èsta debe ser consultada previamente con la alta direcciòn para la respectiva aprobaciòn de adquisiciòn cuando se vaya a realizar la compra y queda en actas del comité de compras. | AD19: Se vetrificò por control interno que el asesor de planeaciòn es el responsable de reportar en el plan anual de adquisiuciones todas las solicitudes para la adquisiciòn de bienes en cada vigencia, se realizaron en la vigencia 2023 los diferentes ajustes solicitados por los reponsables de procesos y se realizo el respectivo trámite en el portal del SECOP II, previa aprobación de la Subgerencia Administrativa y Financiera y la Gerencia. | BK19: Al seguimiento se estableció que se presentó ante la alta dirección el plan anual de adquisiciones para la vigencia 2024, en donde se realizaron los ajustes solicitados por los lideres de proceso en la vigencia 2024, todos estos ajustes requirieron la aprobacion de la subgerencia administrativa y se realizó el trámite en la plataforma del Secop II transaccional.
A20: 9 | B20: DIRECCIONAMIENTO ESTRATEGICO | C20: Probabilidad de impacto operacional por falta de reporte oportuno de los avances de los planes operativos de los procesos y seguimiento inadecuado a la ejecución del Plan de Desarrollo y al Plan Operativo Anual debido a falta de adherencia al procedimiento y al diligenciamiento de la Matrïz de seguimiento al Plan Operativo Anual | D20: ='Matriz de riesgos Inst'!T21 -> BAJO | E20: ='Matriz de riesgos Inst'!AJ21 -> BAJO | F20: Se cumplió con lo establecido en el plan de mejoramiento para que los controles se mitigaran y evitar la materialización del riesgo | G20: Se verificó por control interno que se presentó en el Comité de gerencia los avances al POA y el seguimiento de las metas del Plan de Desarrollo. Se evidenció el seguimiento en el formato FOR-DES-02 y socializado en Acta de Comité de Gerencia. | R20: Al finalizar la vigencia fiscal 2022, se observó que se realizaron trimestralmente los seguimientos al POA en el formato FOR-DES-02, el análisis del seguimiento fue presentado a la alta dirección en el Comité de Gerencia. ( se evidencian actas). Igualmente en el Comité de gerencia cada uno de los líderes de proceso, sustenta los resultados de los seguimientos realizados. Se evidenció un resultado del 94.9% | AC20: Se evidencia que en el primer semestre de 2023 se han realizado dos seguimientos al plan operativo y se presentaron los resultados ante el comitè de gerencia. Igualmente se socializaron en piezas gràficas a los grupos de interès de la entidad y responsables de los procesos. El indicador de avance para el primer trimestre del POA fue del 38% sobre la meta establecida del 25% y en el segundo trimestre se logro un cumplimiento del 57% sobre la meta propuesta del 45%. | AD20: Se evidenció que en el segundo semestre de 2023 se realizaron dos seguimientos al plan operativo y se presentaron los resultados ante el comitè de gerencia. Igualmente se socializaron en piezas gràficas a los grupos de interès de la entidad y responsables de los procesos. El indicador de avance para el tercer trimestre trimestre del POA fue del 78% sobre la meta establecida del 67,5% y en el cuarto trimestre se logró un cumplimiento del 95% sobre la meta propuesta del 90%. | BK20: Se evidenció por el asesor de control interno que en la vigencia de 2024 se realizó el seguimiento al plan operativo el cual logró un avance del 96% en la vigencia fiscal y fue presentado ante el comitè de gerencia.
A21: 10 | B21: DIRECCIONAMIENTO ESTRATEGICO SICOF | C21: Probabilidad de impacto economico y reputacional por incumplimiento de la normatividad vigente relacionada con la supervisión de los contratos, para favorecimiento del cliente interno o externo. | D21: ALTO | E21: ALTO | F21: Se observa que se ha venido cumpliendo con el plan de mejoramiento desarrollando los controles inherentes al riesgo. | G21: El riesgo fue identificado en el segundo semestre de 2023. | R21: Se evidencia por control interno que desde el área juridica se han realizado las capacitaciones a funcionarios y a supervisores de contrato para que implementen la pltaforma Secop II. Al realizar el seguimietno de la plataforma Sep II se observa que se puso en marcha la plataforma del secop II en donde los supervisores del contrato son los responsables de reportar en esta plataforma todos los documentos que se generen en el desarrollo del contrato, documentos que se pueden verificar en la plataforma del Secop II, junto con los demás formatos estandarizados que hacen parte de la carpeta contractual. | AC21: 1. Al seguimiento por control interno se evidenciò que los informes de supervisiòn No son reportados a tiempo en la plataforma del Secop II y al revisar las carpetas contractuales no todas contienen los informes de supervisiòn. 2. Se verifico que para el segundo semestre de 2023, desde el área jurídica se tienen programadas capacitaciones a todos los supervisores de contrato relacionadas con las obligaciones y responsabilidades inherentes a las supervisiones de contrato y al manejo de la plataforma Secop II, y evitar posibles sanciones por los entes de control. Nuevo control | AD21: 1. Al seguimiento por control interno se evidenciò que se requirieron a los supervisores de contrato los informes de supervisiòn. 2. Se evidencia que en el segundo semestre se realizaron capacitaciones a los supervisores, auxiliares y tècnicos sobre el proceso contractual y manejo de la plataforma Secop II y se evidencia en los registros de asistencia. Nuevo control | BK21: 1. Se verificó en la muestra tomada y revisada por control interno de los contratos ejecutados en la vigencia 2024 que los supervisores de contrato realizaron los informes y estos se pueden verificar en la plataforma del Secop II. Nuevo control
A22: 11 | B22: MERCADEO Y COMUNICACIONES | C22: Posibilidad de impacto reputacional, por desinformación en la comunidad hospitalaria, debido al uso e interpretación inadecuada de la información sobre la institución | D22: ='Matriz de riesgos Inst'!T22 -> MODERADO | E22: ='Matriz de riesgos Inst'!AJ22 -> MODERADO | F22: Se cumplió con lo establecido en el plan de mejoramiento para que los controles se mitigaran y evitar la materialización del riesgo | G22: Se evidencia que los profesionales del Proceso de Mercadeo y comunicaciones, realizan las publicaciones oportunas de la información institucional con base en las solicitudes hechas por los demás procesos o eventos generados en los diferentes canales de comunicación de la institución.Se verifican los canales informativos de la entidad. | R22: Se evidenció que se ejecutó el plan anual de comunicaciones, que fue aprobado por el jefe asesor de la oficina de planeación para el 2022, el plan fue cumplido en un 100%. De igual manera se evidenció que la matríz de comunicaciones se ejecutó en un 100% y en ella quedó registrado el seguimiento mensual, de las actividades proyectadas para la vigencia 2022, la cual desarrolló todas las estrategias adheridas a los ejes de acreditación en salud. | AC22: 1. Se evidencia por control interno que fue se aprobado el plan anual de comunicaciones, por parte del jefe asesor de la oficina de planeaciòn, el cual a la fecha se evidencia una ejecuciòn del 65%.. Igualmente el plan fue socializado a los lideres de proceso a traves de un comunicado en el cual se informò la aprobaciòn del plan y posteriormente se publicò en la plataforma documental, para su consulta de manera permanente. Igualmente se evidenciò que de manera mensual la profesional de comunicaciones enviò el seguimiento de las actividades proyectadas desde la matriz de comunicaciones, a la oficina de planeaciòn y calidad. 2. Se identificò un nuevo control seguimiento en el segundo semestre de 2023. Nuevo control | AD22: 1. Se realizó seguimiento al nuevo control en donde se evidenció por control interno que en el segundo semestre de 2023 el proceso de mercadeo y comunicaciones desarrollo el plan de trabajo mensual en el cual previa a cada publicaciòn se reune con los lideres y responsables de proceso para solicitar la informaciòn de la pieza comunicativa y despuès de elaborada se pasa para su aprobación. 2- Al finalizar la vigencia se observò que el plan anual de comunicaciones se cumpliò en un 98%. 3.- De igual manera se evidenciò que de manera mensual la profesional de comunicaciones enviò el seguimiento de las actividades proyectadas desde la matriz de comunicaciones, a la oficina de planeaciòn y calidad. | BK22: 1. Se verifica que el proceso de mercadeo y comunicaciones viene realizando el seguimiento al nuevo control. Se realizò la oferta publica para la contrataciòn del proveedor para el mantenimiento y soporte del portal web de la entidad. Se evidenció que en la vigencia 2024 se ajustó y actualizó la informaciòn del menú transparencia y acceso a la informaciòn pùblica ITA, con la actualizaciòn de los documentos e informes establecidos por la ley 1712 de 2014 y la Resoluciòn 1519 de 2020. Igualmente se evidenciò que se cumplió con lo proyectado en la matrtìz de comunicaciones.
A23: 12 | B23: MERCADEO Y COMUNICACIONES | C23: Posibilidad de impacto económico y reputacional debido a la vulneración de la imagen institucional por el desconocimiento por parte del público interno o externo sobre la existencia del manual de uso adecuado de la identidad institucional | D23: BAJO | E23: ='Matriz de riesgos Inst'!AJ23 -> BAJO | F23: Se cumplió con lo establecido en el plan de mejoramiento para que los controles se mitigaran y evitar la materialización del riesgo | G23: Se verificó que la Profesional del Proceso de Mercadeo y Comunicaciones, actualizó y socializó el Manual de Imagen Institucional publicado en la plataforma documental y la intranet institucional. | R23: Se evidenció que la profesional de comunicaciones socializó a través de los canales internos de comunicación, tales como: la intranet, plataforma documental, correo electrónico y en el día de la calidad, el Manual de identidad corporativa, en donde se hizo enfásis en el uso correcto del Isotipo y los colores corporativos. Al día de la calidad asistíeron 125 clientes internos. Igualmente se observó que frente al cliente externo la socialización del Manual de Identidad corporativa se envió através del correo electrónico. | AC23: Se verificó por control interno que la profesional de comunicaciones envió a través del correo electrónico el Manual de identidad corporativa para socializarlo frente al cliente externo. Para el segundo semestre de 2023 en la feria de la excelencia se espera socializar y hacer énfasis en el uso correcto del isotipo y colores corporativos. | AD23: Se evidenciò por Control Interno que en el segundo semestre de 2023 la profesional de comunicaciones socializò el Manual de Identidad Corporativo a toda la comunidad hospitalaria asistente a la feria de la excelencia, con una participaciòn de 335 personas tanto internas como externas. | BK23: Se evidenciò que en la vigencia 2024 el plan estratègico de comunicaciones se ejecutó segùn lo establecido para la vigencia, con un porcentaje del 95%. Se sociaalizó el manual de identidad corporativa en el segundo semestre de 2024 en la feria de la excelencia.
A24: 13 | B24: MERCADEO Y COMUNICACIONES | C24: Posibilidad de impacto operacional por falta de oportunidad en la entrega de productos solicitados por las diferentes áreas al Proceso de Mercadeo y Comunicaciones debido a la acumulación de solicitudes que remiten a comunicaciones con necesidades inmediatas | D24: ='Matriz de riesgos Inst'!T24 -> MODERADO | E24: ='Matriz de riesgos Inst'!AJ24 -> BAJO | F24: Se cumplió con lo establecido en el plan de mejoramiento para que los controles se mitigaran y evitar la materialización del riesgo | G24: Se verificó que la Profesional del Proceso de Mercadeo y Comunicaciones, diseñó una estrategia de comunicaciones para la promoción efectiva del formato de solicitudes a comunicaciones a todo el personal de la institución | R24: Al finalizar la vigencia 2022 se socializó el uso del formato de solicitudes a comunicaciones, a través de la campaña presencial dia de la calidad y en diferentes canales de comunicación interno, como la intranet, la plataforma documental y los grupos de whapsapp. La socialización llegó a 125 funcionarios de la entidad, y a los otros canales se llegó en un 100%. | AC24: Se evidencio que la profesional de comunicaciones, informo a toda la comunidad hospitalaria a través de los medios digitales el uso del formato de solicitudes a comunicaciones con el fin de planear y entregar oportunamente los productos comunicacionales, solicitados por los procesos. | AD24: Se evidenciò por control interno que las solicitudes enviadas por parte de los procersos, las realizaron a travès del formato de solicitudes a comunicaciones y en la vigencia 2023 realizaron un total de 178 solicitudes. | BK24: Se evidenciò por control interno que las solicitudes enviadas por parte de los procesos, las realizaron a travès del formato de solicitudes a comunicaciones y en la vigencia 2024 fueron 132 a las cuales se les dio trámite en un 100%
A25: 14 | B25: GESTION TALENTO HUMANO | C25: Posibilidad de Pérdida económica y reputacional por la vinculación de personal para proveer empleos temporales a discreción de la administración, con incumplimiento del pérfil y los requisitos legales e institucionales establecidos para los empleos de la planta de cargos de la entidad. | D25: ='Matriz de riesgos Inst'!T26 -> BAJO | E25: ='Matriz de riesgos Inst'!AJ26 -> BAJO | F25: Se cumplió con lo establecido en el plan de mejoramiento para que los controles se mitigaran y evitar la materialización del riesgo | G25: 1. Control interno verificó que al tomar una muestra del personal vinculado a la entidad durante el primer semestre de 2022, se está dando cumplimiento a los requisitos establecidos desde el manual especifico de funciones, verificando la lista de chequeo de requisitos de ingreso al cual se ha dado un cumplimiento del 100% de los ingresos en el primer semestre de 2022. 2. Se verificó que la lista de chequeo de requisitos de ingreso, se encuentra ajustada a los requisitos de ingreso establecidos en el manual de funciones para los empleso de planta. Esta se modificará una vez se ajuste o se adopte un nuevo manual de funciones. | R25: 1. En el segundo semestre de 2022 se evidenció que se continuó fortaleciendo el control establecido para los ingresos a los empleos de la planta de cargos, dando cumplimento a los requisitos legales e institucionales establecidos desde el formato "Requisitos de Ingreso para vinculación, empleos de Planta de Cargos" FOR-GTH-22. y los requisitos establecidos en el Manual de funciones. Al finalizar la vigencia se observa que no hubo materialización del riesgo. El Profesional Universitario (función pública) documenta, actualiza, para su aplicación el procedimiento Ingreso de Personal (PRO-GTH-01.), en cumplimiento de la normatividad del sector. 2. Se verificó que la lista de chequeo de requisitos de ingreso, se encuentra ajustada a los requisitos de ingreso establecidos en el manual de funciones para los empleso de planta. Esta se modificará una vez se ajuste o se adopte un nuevo manual de funciones. Al finalizar la vigencia se presentó ante la Junta Directiva el proyecto y estudio técnico de la modificación manual de funciones y la planta de empleos, a la fecha se encuentra para su aprobación. | AC25: Se observa por control interno que en el primer semestre de 2023 se continuó fortaleciendo los controles establecidos para los ingresos a los empleos de la planta de cargos, en cumplimiento de lo establecido en la norma y los institucionales. Se verificò que el control se està desarrollando y el riesgo residual continùa bajo y se verificó que se aplica la lista de chequeo de requisitos al ingreso del personal y èsta reposa en la història laboral del funcionario. Los empleos que fueron reportados ante la Comisiòn Nacional del Servicio Civil, dan cumplimiento al Acuerdo de Junta Directiva Nro 008 de abril 30 de 2018 y al Acuerdo Nro. 023 de octubre 28 de 2022. | AD25: Durante el II semestre de la vigencia 2023, se da continuidad al fortalecimiento de los controles que desde la planeación del recurso humano se tienen implementados, para el procedimiento de vinculación de personal. Durante el II semestre de la vigencia no se presentaron ingresos a la planta de cargos de la entidad. Las contingencias y tiempos no laborados se les dió cobertura mediante personal de la empresa de servicio temporal, sin embargo este personal da cumplimiento a la totalidad de requisitos legales e institucionales establecidos. | BK25: Durante la vigencia 2024, se fortalecieron los controles que desde la planeación del recurso humano se tienen implementados, para el procedimiento de vinculación de personal. Para las contingencias y tiempos no laborados se les dió cobertura mediante personal de la empresa de servicio temporal, sin embargo este personal da cumplimiento a la totalidad de requisitos legales e institucionales establecidos. Al terminar la vigencia 2024, el indice de rotación de personal está por debajo de la meta en -0,85. Se presentaron doce (12) retiros y se presentaron (3) provisiónes de empleo. Se evidencia por control interno que el proceso de Gestión de Talento Humano, cuenta con el procedimiento documentado de Ingreso de Personal (PRO-GTH-01), dispuesto en plataforma documental. Igualmente se verificó que los funcionarios cuentan con los actos administrativos, los cuales reposan en história laboral. Estos actos administrativos son validados por la Líder de Programa de Gestión de Talento Humano, La Jefe de Oficina Asesora de Jurídico y finalmente deben ser firmados por la Gerente. Mensualmente el auxiliar administrativo realiza el reporte de novedades a nómina
A26: 15 | B26: GESTION TALENTO HUMANO | C26: Posibilidad de Pérdida económica y operacional por sanciones de los entes de control o manifestaciones por insatisfacción de las partes interesadas debido al incumplimiento en la presentación de informes, requerimientos y solicitudes en los términos de ley. | D26: ='Matriz de riesgos Inst'!T29 -> BAJO | E26: ='Matriz de riesgos Inst'!AJ29 -> BAJO | F26: Se cumplió con lo establecido en el plan de mejoramiento para que los controles se mitigaran y evitar la materialización del riesgo | G26: 1. Se evidenció que a la fecha del seguimiento se ha dado cumplimiento a la presentación y requerimiento de los informes establecidos por las diferentes entidades que lo solicitan. 2.Se verificó que en el área de talento humano se tienen establecidos los responsables a la hora de rendir informes de ley y los informes rendidos a la fecha han sido oportunos. 3.Se vertificó que los funcionarios responsables en Talento Humano han dado cumplimiento en el primer semestre de 2022 a todos los informes que se deben presentar ante las diferentes entidades que lo solicitan | R26: 1. Se evidenció que al finalizar la vigencia 2022 se dió cumplimiento a la presentación y requerimiento de los diferentes informes establecidos por las entidades que lo solicitan. . 2. Se estableció que en el área de talento humano se tienen identificados los responsables de rendir los informes y se evidenció que fueron de manera oportuna. 3. Se evidenció que los funcionarios responsables en Talento Humano dieron cumplimiento en el segundo semestre de 2022 a la rendición de todos los informes que se debían presentar ante las diferentes entidades que lo solicitaron. No se evidenció materialización del riesgo. | AC26: 1. Control interno evidencio que en el prmer semestre de 2023 los funcionarios responsables de la rendicion de los informes del proceso de Talento humano, dieron cumplimiento con oportunidad en la rendiciòn de informes de las diferentes plataformas de Ley y se cuenta con las evidencias, todo conforme a los lineamientos normativos establecidos por los entes de control. | AD26: Control interno evidenció que durante el segundo semestre de 2023, se dió cumplimiento con oportunidad a los informes establecidos por Ley y por la entidad, de acuerdo a la periodicidad de redición de los mismos. Se evidenció que se cuenta con el soporte documental de envío de los mismos. | BK26: Durante la vigencia fiscal 2024 se dio cumplimiento con suficiencia y oportunidad a todos los informes que se deben rendir en las diferentes plataformas requeridas por las entidades de control, evitando sanciones por incumplimiento.
A27: 16 | B27: GESTION TALENTO HUMANO | C27: Posibilidad de pérdida económica e impacto sobre el Talento Humano por sanciones moratorias interpuestas por las administradoras adscritas al SGSSS, por la no afiliación de servicios de salud, procesos disciplinarios para el responsable del proceso de afiliación, e insatisfacción del funcionario debido a la falta de cobertura en salud y seguridad social. | D27: ='Matriz de riesgos Inst'!T31 -> BAJO | E27: ='Matriz de riesgos Inst'!AJ31 -> BAJO | F27: Se cumplió con lo establecido en el plan de mejoramiento para que los controles se mitigaran y evitar la materialización del riesgo | G27: 1. Se evidenció que se realizó reinduccion para el procedimiento de ingreso, en lo referente al aseguramiento del personal, establecidendo las fechas límites para que las administradoras notifiquen la novedad de afiliación al sistema. 2. se evidenció que los ingresos de personal presentados durante el I semestre de la vigencia 2022, cuentan con la lista de chequeo "Requisitos de Ingreso para vinculación, empleos de Planta de Cargos" FOR-GTH-22. y se encuentra diligenciada en su totalidad. | R27: 1. Se evidenció que todos los ingresos de personal del segundo semestre de 2022, se ciñeron al prodedimiento de ingreso, y se verificó que se cumplió con el aseguramiento a las diferentes administradoras, validado a través del formato FOR-GTH-22. 2. Se estableció qye El Técnico Administrativo (Aseguramiento) verifica la afiliación al SGSSS, y valida la lista de chequeo "Requisitos de Ingreso para vinculación, empleos de Planta de Cargos" FOR-GTH-22. | AC27: Se evidenciò que los ingresos y novedades de personal presentados durante el primer semestre de la vigencia, fueron validados y aplicados por nòmina respecto a las afiliaciones referentes a las afiliaciones al sistema general de seguridad social. Se evidencia en cada una de las historias laborales de ingreso. | AD27: Control Interno evidenció que el reporte de novedades de personal presentadas durante el II semestre de la vigencia fue realizado oportunamente, no se presentaron inconvenientes con las afiliaciones, traslados, retiros reportados al SGSST. | BK27: En la vigencia 2024 no hubo sanciones moratorias interpuestas por las administradoras adscritas al SGSSS, a causa de la no afiliación de servicios de salud. Cuando se presentan novedades estas son reportadas oportunamente por el área de Talento Humano.
A28: 17 | B28: GESTION TALENTO HUMANO | C28: Posibilidad de impacto operacional por queja o reclamo de los funcionarios debido a reprocesos en la liquidación de la nómina por reportes de novedades extemporáneos o errores involuntarios en su ejecución. | D28: ='Matriz de riesgos Inst'!T33 -> BAJO | E28: ='Matriz de riesgos Inst'!AJ33 -> BAJO | F28: Se cumplió con lo establecido en el plan de mejoramiento para que los controles se mitigaran y evitar la materialización del riesgo | G28: 1. Se verificó que nómina realizó socialización (se observólista de asistencia) de las fechas estabelcidas para el reporte de novedades. 2.Se evidenció el cumplimiento de los controles establecidos para la liquidación de la nómina, de acuerdo a lo establecido en el procedimiento. | R28: 1. Al finalizar la vigencia fiscal, se evidenció que el Procedimiento de nómina se conserva actualizado, el cual establece las fechas de los reportes de novedades. 2. Se evidenció por conrol interno que en el segundo semestre el profesional universitario de nómina, continuó diligenciando la lista de chequeo de las diferentes novedades que presenta la nómina mes a mes, evitando reprocesos. | AC28: 1. Se evidenciò que se contìnua aplicando el procedimiento de nòmina conforme a lo establecido en el PRO-GTH-03. No se evidencian reprocesos de reliquidacion de nòmina por falta de oportunidad de las novedades, estableciendo que èsta se paga oportunamente. 2. Se evidencia por control interno, que el profesional Universitario (nómina) valida y realiza el autocontrol de las novedades de nómina, con listas de chequeo generando confiabilidad en la información, se evidencia que no se han presentado reprocesos durante el período. | AD28: 1. Se da continuidad al cumplimiento de los procesos de la liquidación establecidos desde la nómina, se establecen autocontroles para generar el resultado de la nómina de manera oportuna y con información veraz. 2.Control interno evidencia que las áreas encargadas del reporte de novedades, lo han realizado durante el período de manera oportuna, generando confiabilidad en la información. | BK28: El proceso de la liquidación de la nómina se viene realizando de manera oportuna, cumpliendo con los controles establecidos en los riesgos y demás autocontroles para generar la nómina con información veraz y confiable y no se presentó ninguna novedad en la vigencia 2024.
A29: 18 | B29: GESTION TALENTO HUMANO | C29: Posibilidad de impacto económico y reputacional al solicitar o recibir remuneración, dádivas o cualquier otro tipo de compensación en dinero o especie a nombre propio o de terceros, por modificación en valores de la liquidación de la nómina para beneficio propio o de un tercero, debido a fallas en la apropiación de la cultura de integridad basada en la legalidad, gestión íntegra, principios y valores éticos frente a todas las actuaciones orientadas a los grupos de interés. | D29: ='Matriz de riesgos Inst'!T37 -> MODERADO | E29: ='Matriz de riesgos Inst'!AJ37 -> MODERADO | F29: Se cumplió con lo establecido en el plan de mejoramiento para que los controles se mitigaran y evitar la materialización del riesgo | G29: 1.Se evidenció que al tomar la muestra de liquidación de la nómina se ejecutaron los controles establecidos para el pago de ésta por la líder del programa, la subgerencia administrativa y financiera y la gerencia, con la firma del CDP y visto bueno en los documentos adjuntos de solicitud para el trámite. 2. Se evidenció que la revisoria fiscal realizó el seguimiento a la ejecución del proceso de nómina, validando los documentos adjuntos | R29: 1. Se evidenció que ante la validación de una muestra de nómina del segundo semestre, se continuaron con los controles por parte del líder del programa de Talento Humano, Subgerencia Administrativa y Financiera y la Gerencia, para hacer efectivo el compromiso presupuestal y el posterior pago. 2. La Revisoría fiscal dió continuidad en la vigencia a las auditorías del proceso de gestión del Talento Humano en donde está incluido el proceso de nómina. | AC29: 1. Se verifica que la nòmina tiene un control previo de la gerencia, talento humano y la subgerencia administrativa y financiera, lo que hace que los controles sean efectivos. 2. El asesor de control interno, evidencia las auditorias, realizadas por revisoría fiscal y los entes de control, las cuales conservan su componente financiero, con trazabilidad a la nómina. 3. En muestra tomada por control interno se evidenciò que las nominas generadas durante este semestre de 2023, est.an revisadas por el lìder del programa, la subgerencia financiera y la gerencia lo que asesgura un control pormenorizado del pago de las nominas del semestre. Seguimiento al nuevo control | AD29: 1. Control Interno evidencia que una vez elaborada la nómina se continúan realizando los controles establecidos, el del líder de programa GTH, seguidamente los controles de validación establecidos desde la Subgerencia Admiistrativa y Financiera, y la Gerencia. 2. Se evidenció que al tomar la muestra de liquidación de la nómina se ejecutaron los controles establecidos para el pago de ésta, firma del CDP y visto bueno en los documentos adjuntos de solicitud para el trámite. 2. Se evidencia control posterior por la Revisoría Fiscal la cual hace trazabilidad a la información desde financiero. | BH29: Control Interno evidencia que la nómina tinene unos controles preestablecidos y es validada por el líder de programa GTH, Subgerencia Admiistrativa y Financiera y la Gerencia. Se tomo muestra aleatoria de la liquidación de la nómina, verificando que se cumplieron con los controles establecidos para el pago de la misma, tales como la firma del CDP y visto bueno en los documentos adjuntos de solicitud para el trámite.
A30: 19 | B30: GESTION TALENTO HUMANO | C30: Posibilidad de Impacto operacional por incumplimiento en la ejecución de la inducción, reinducción y entrenamiento en el puesto de trabajo afectando la prestación del servicio, debido a fallas en la integración del funcionario a la cultura organizacional e inasistencia a las jornadas de apropiación del conocimiento, actualización y fortalecimiento institucional | D30: ='Matriz de riesgos Inst'!T39 -> BAJO | E30: ='Matriz de riesgos Inst'!AJ39 -> BAJO | F30: Se cumplió con lo establecido en el plan de mejoramiento para que los controles se mitigaran y evitar la materialización del riesgo | G30: 1. Se evidenció por control interno que se encuentra publicado en la plataforma documental el manual de inducción y reinducción, dando cumplimiento a lo establecido en la norma durante el primer semestre del 2022, se verificó que se realizó la jornada de inducción y reinducción institucional del 25 al 28 d enero de la presente vigencia con una cobertura del 95%. 2.Se evidenció que se tiene publicado en la plataforma documental la matríz de entrenamiento de los empleos del nivel asistencial de la planta de cargos del HDPUV. Igualmente se verificó que se está implementando la inducción y reinducción en la modalidad virtual para reprogramar durante el segundo semestre a los funcionarios que no participaron de la jornada | R30: 1. Se verificó que el Manual de Inducción, Reinducción y Entrenamiento se encuentran actualizados y socializados a toda la comunidad hospitalaria y están dispuestos en la plataforma documental. En el segundo semestre de 2022 se realizó inducción y reinducción a 48 funcionarios y 14 funcionarios en reinducción. 2. Igualmente se verificó el diligenciamiento del plan de entrenamiento en el puesto de trabajo. | AC30: 1. Durante el I semestre de la vigencia (1 de febrero de 2023), se evidencia que se realizó jornada de inducción y reinducción a 64 funcionarios, 45 de los cuales ingresan a proveer mediante nombramiento provisional, empleos de planta de cargos del HDPUV E.S.E. Igualmente se reprogramamron 8 funcionarios que no participaron de la jornada 2022, 5 situaciones administrativas de encargo, y personal que ingresa a la entidad. 2. Se evidencia que la Coordinadora de servicios asistenciales, realizò jornadas de inducción y reinducción cada dos (2) meses, en las cuales participan los funcionarios que ingresan y los profesionales que se encuentran en formación. | AD30: Se evidencia la ejecución de las jornadas de inducción y reinducción institucional durante el período. Control Interno evidencia el cumplimiento del indicador en un 100% , estableciendo que todos los funcionarios que ingresaron a la institución se les socializó nuestra plataforma estratégica institucional, procesos asistnciales y de apoyo. ejes del SUA. | BK30: En el primer sememestre de 2024 no se realizó jornada de inducción y reinducción instituciona. En el segundo semestre en desarrollo de la feria de la excelencia se realizaron jornadas en donde se brindó información relevante de cada uno de los procesos.
A31: 20 | B31: GESTION TALENTO HUMANO | C31: Posibilidad de impacto operacional por falta de asignación presupuestal con destinación a la ejecución de las actividades propuestas desde el Plan de Bienestar, Estímulos e Incentivos, incumplimiento a los objetivos institucionales y a la normatividad vigente, debido a fallas en la identificación y caracterización de las necesidades propuestas desde el plan para el mejoramiento de la calidad de vida de los funcionarios y sus familias. | D31: ='Matriz de riesgos Inst'!T41 -> BAJO | E31: ='Matriz de riesgos Inst'!AJ41 -> BAJO | F31: Se cumplió con lo establecido en el plan de mejoramiento para que los controles se mitigaran y evitar la materialización del riesgo | G31: 1. Se verificó por control interno que de acuerdo a la programación establecida para el primer semestre de 2022, se viene cumpliendo con el Plan de Bienestar. 2. Se estableció que se esta realizando la medición de la Gestión Evaluativa Integral, el plan de bienestar y la aplicabilidad de los principios de humanización. l. | R31: 1. Al finalizar la vigencia 2022, se verificó que el Plan de Bienestar tuvo un cumplimiento del 100% de las actividades programadas para la vigencia. 2. Se estableció la medición de la Gestión Evaluativa Integral, el plan de bienestar y la aplicabilidad de los principios de humanización y se identificaron con un nivel de aprobación alto, por parte de los 206 funcionarios encuestados. Se encontró que el 89% de la población, califica con alto grado de concordancia las actividades que conforman el plan de bienestar actual. | AC31: 1. Se evidencia que con corte al 30 de junio de 2023, el Plan de Bienenstar tiene un porcentaje de cumplimiento del 54% 2. Se evidencia que desde el Programa de Fortalecimiento de Cultura Organizacional, Palanca Prácticas de Gestión Humana, se implementó el Bienestar Integral en cuatro (4) ejes.Durante los meses de Abril y Mayo se realizó la revisión del plan actual de bienestar y estímulos para ajustarlo al modelo de Bienestar en 4 Ejes que quedó definido en la vigencia anterior. Igualmente se lleva a cabo el diseño y planeación del Programa Vivir SanaMente, que hace parte del plan de Bienestar y consolida los ejes Físico y Emocional. Paralelamente durante el mes de Mayo se tienen reuniones con todos los funcionarios de la Institución de socialización de resultados de la encuesta sociodemográfica que se condujo en el 2022 y de la reformulación del modelo de bienestar a implementar en la Institución. | AD31: Control Interno evidencia el cumplimiento de las actividades establecidas desde el Plan de Bienenstar, Estímulos e Incentivos , el indicador consolidó un cumplimiento del 100% de las actividades. | BK31: En la vigencia fiscal se desarrollaron actividades que impactaron el cumplimiento del Plan de Bienenestar estimulos e incentivos, en donde se observó un cumplimiento del 100% de las actividades propuestas para el año 2024.
A32: 21 | B32: GESTION TALENTO HUMANO | C32: Posibilidad de Impacto operacional por omisión a la normatividad vigente asociada a la evaluación de desempeño laboral EDL, e incumplimiento a los compromisos funcionales y conductuales que no aportan a los objetivos institucionales propuestos, debido a falta de adherencia por parte de evaluados y evaluadores al proceso evaluativo, no hay identificación de faltantes a competencias, incumplimiento a la normatividad que regula los procesos institucionales, falta de compromiso institucional. | D32: ='Matriz de riesgos Inst'!T43 -> BAJO | E32: ='Matriz de riesgos Inst'!AJ43 -> BAJO | F32: Se cumplió con lo establecido en el plan de mejoramiento para que los controles se mitigaran y evitar la materialización del riesgo | G32: 1. Se evidenció que en la plataforma documental se encuentra publicado el acto administrativo, mediante el cual se adopta el sistema tipo EDL. Igualmente se evidenció en plataforma el procedimiento. 2. Se evidenció formato de participación a capacitaciones de evaluación del desempeño laboral, dirigida a los equipos primarios de mejoramiento, realizada en el mes de febrero de 2022. | R32: 1. Se evidenció por Control interno que durante la vigencia se realizó seguimiento al proceso evaluativo en donde se evidenció un porcentaje de cumplimiento del 96.9% quedando pendiente 5 funcionarios por evaluar. Durante el cierre del periodo anual se verificó que 4 funcionarios quedaron en nivel satisfactorio y no se evidencian planes de mejoramiento individual. 2. Se evidencia por Talento Humano la circularización de los lineamientos establecidos para el cierre del proceso evaluativo vigencia 2022-2023. 3. Se debe presentar plan de mejoramiento, por cuanto no se dio cumplimiento al 100% de los controles establecidos para el riesgo. | AC32: 1. Se evidencia que durante el primer semestre de la vigencia, se realiza plan de mejoramiento para dar cumplimiento al 100% de los funcionarios, pertenencientes al Sistema General de Carrera Administrativa, es pertinente aclarar que los ajustes realizados en elproceso evaluativo quedaron realizados en plataforma de la CNSC con extemporaneidad. 2. Se evidncia que desde la oficina de Gestión de Talento Humano se notifica a los intervinientes en el proceso evaluativo 2023-2024 el tiempo establecido en norma para realizar la EDL correspondiente al I sememstre 2023-2024. | AD32: Se evidencia que se evaluaron las competencias comportamentales del 100% de los funcionarios de CA (140), De los cuales el 22,9% (32 funcionarios) se encuentran en nivel muy alto; 75,7 (106 funcionarios) se encuentra en nivel alto y 1,4 nivel aceptable (2 funcionarios) a los cuales se les estableció plan de mejoramiento individual. | BK32: La Evaluación del desempeño laboral: Del periodo 1/02/2023 al 31/01/2024 y del 1/02/2024 al 31/07/2024 se cerro satisfactoriamente, la evaluación del I semestre 2024 se desarrolló de acuerdo a los referentes normativos dentro de los primeros quince (15) días del mes de agosto 2024. Igualmente se evidenció que se evaluaron las competencias comportamentales del 100% de los funcionarios. Durante la vigencia del período anual del desempeño laboral 2023-2024 se dió cumplimiento a la meta establecida del 100%, respecto del valor cualitativo establecido para las competencias comportamentales, considerando la sumatoria de los niveles de desarrollo “Alto” y “Muy Alto”.
A33: 22 | B33: GESTION TALENTO HUMANO | C33: Posibilidad de Pérdida económica y reputacional por vinculación de funcionarios o contratistas que se encuentren inhabilitados o con incompatibilidad para contratar con el Estado debido a multas y sanciones por parte de entes de control, procesos disciplinarios, sanciones penales o por encontrarse vinculado con actividaes ilicitas, lavado de activos u otro proceso delictivo. | D33: ALTO | E33: ALTO | F33: Se cumplió con lo establecido en el plan de mejoramiento para que los controles se mitigaran y evitar la materialización del riesgo | G33: 1. Se verifica que se actualizó el formato de requisitos de ingresos para el personal de planta y contratistas incluyendo la obligatoriedad del diligenciamiento del formulario Sarlaft. Se revisó una muestra de las histórias laborales de los ingresos presentados durante el primer semestre del 2022. 2.Se verifica que a la fecha se tiene documentado el Código de Conducta y Buen Gobierno, se encuentra en proceso de socialización y se realiza evaluación para establecer la adeherencia al mismo. Se evidencia que la entidad cuenta con el Manual del SIAU en donde se documenta la gestión de manifestaciones frente a fallas en cumplimiento del Código de Integridad | R33: 1. Se verifcó con muestra tomada por control interno que los funcionarios que ingresaron durante el segundo semestre, dieron cumplimiento a los requisitos establecidos en el (FOR-GTH-22), y el diligenciamiento de los formatos del Sarlaft y la UIA. Igualmente en las jornadas de inducción y reinducción se socializó el sistema y subsistema de administración de riesgos. 2. En el segundo semestre se realizó retroalimentación haciendo alusión al Código de Conducta y buen Gobierno, los riesgos del Sarlaft y del Sicof, riesgos que cuentan con un procedimiento, manual y politica, aprobados por junta directiva, los cuales fueron socializados y se encuentran publicados en plataforma documental. | AC33: 1. Se evidencia que los funcionarios que ingresaron durante el referido período, dan cumplimiento a los requisitos legales e institucionales establecidos en el formato (FOR-GTH-22), recibieron durante la jornada de inducción y reinducción los temas concernientes al sistema y subsistema de administración del riesgo. 2. Se verificò que el Auxiliar Administrativo, verificò la veracidad de los antecedentes disciplinarios, judiciales, fiscales del personal que se vinculò, y se estableciò que anualmente todos los funcionarios que prestan servicios al hospital deben actualizar el formulario único de conocimiento personas naturales y jurídicas Sarlaft -Certificado de Unidad de Información y Análisis Financiero - UIAF Seguimiento a nuevo control 3. Se evidencia que durante el mes de febrero de 2023, se realizaron formaciones en la cual se capacitó a 295 funcionarios de la institución respecto del Sistema y Subsistemas integrados de Gestión de Riesgos Institucionales, formación orientada por la Subgerente Administrativa y Financiera de la institución, Acciones de formación que contribuyen a las prácticas transparentes, y adherencia a las Políticas y procedimientos institucionales orientados a la administración del riesgo. | AD33: Se evidencia en las historias laborales que los funcionarios que ingresaron durante la vigencia 2023, recibieron la formación de Sicof y Sarlaft. De la misma manera se evidencia que reposa en su história laboral el formulario de conocimiento de personales naturales y jurídicas. Se evidencian listas de participación a formaciones de la totalidad de funcionarios, establecidas desde el Plan Institucional de Capacitación PIC de la vigencia. | BK33: Se evidencia en las histórias laborales que los funcionarios que ingresaron durante la vigencia 2024, recibieron la formación de Sicof y Sarlaft. De la misma manera se evidenció que reposa en su história laboral el formulario de conocimiento de personales naturales y jurídicas.
A34: 23 | B34: GESTION TALENTO HUMANO | C34: Posibilidad de impacto operacional, por icumplimiento legal debido a la no asignaciòn de recursos, personal sin competencias para administrar el SGSST, ausencia de planeaciòn del SGSST. Ausencia del compromiso gerencial del SGSST., ausencia de programas para la gestiòn de riesgos, falta de documentaciòn pertinente al SGSST, falta de controles operacionales, falta de monitoreo y verificaciòn y no reporte a entes de control. | D34: BAJO | E34: BAJO | F34: Desde su identificacion se ha dado cumplimiento al plan de mejoramiento establecido en los controles del riesgo. | G34: El riesgo se identificó en el primer semestre de 2023 | R34: El riesgo se identificó en el primer semestre de 2023 | AC34: Se verificó que el profesional especializado de SGSST, gestionó el recurso de acuerdo a las necesidades del SGSST, de proyectó el plan de trabajo anual en linea con las exigencias de la nórmatividad vigente, elaboró los programas para la gestiòn de riesgos prioritarios y gestionó los controles operacionales acordes a los peligros y riesgos identificados en la matriz de peligros. 2.Se evidencia que el profesional especializado de SGSST reportó oportunamente la autoevaluacion del SGSST a los entes de control. | AD34: 1. Control Interno evidencia el cumplimiento del Plan de Trabajo, que da cumplimiento a la normatividad legal vigente y a las actividades propuestas para dar cumpplimiento a los programas para la gestiòn de riesgos prioritarios y gestionó los controles operacionales acordes a los peligros y riesgos identificados en la matriz de peligros. 2. Se realiza la autoevaluación del SST, reporte la Ministerio en cumplimiento a la Resolución N°0312/2019. | BK34: Se evidencia el cumplimiento del Plan de Trabajo que da cumplimiento a la normatividad legal vigente y a las actividades propuestas para dar cumplimiento a los programas para la gestiòn de riesgos prioritarios y se gestionó los controles operacionales acordes a los peligros y riesgos identificados en la matriz de peligros.
A35: 24 | B35: GESTION FINANCIERA | C35: Posibilidad de impacto económico y reputacional al no elaborar el presupuesto de la vigencia acorde a las necesidades reales de la institución por formular de manera inadecuada e inoportuna el Plan Anual de Adquisiciones y no articularlo al PDI, POA y POAI. RIESGO SICOF | D35: ='Matriz de riesgos Inst'!T48 -> BAJO | E35: BAJO | F35: Se cumplió con lo establecido en el plan de mejoramiento para que los controles se mitigaran y evitar la materialización del riesgo | G35: 1.Se evidenció por control interno que el líder del área financiera envió oficio al jefe de la oficina de planeación solicitando convocar a los líderes para la elaboración del Plan Anual de Adquisiciones PAA, con el objeto de que el presupuesto de la vigencia 2022 quede ajustado a las necesidades de la institución y alineado con PDI, POA y POAI. 2.Control interno verificará que para el segundo semestre de la vigencia 2022, se haya aprobado por acto administrativo el Plan Anual de adquisiciones articulado con el PDI, POA y el POAI. | R35: 1.Control interno verificó que para el segundo semestre de la vigencia 2022, se aprobó por acto administrativo el Plan Anual de adquisiciones articulado con el PDI, POA y el POAI. 2.Se verificó que el presupuesto para la vigencia 2023, fue elaborado de acuerdo a las iniciativas y necesidades establecidas en el PAA, los lineamientos de Hacienda Departamental y el mismo fue aprobado por Junta Directiva y el CODFIS Departamental. | AC35: 1.Control interno verificó que para el segundo semestre de la vigencia 2023, se aprobó por acto administrativo el Plan Anual de adquisiciones articulado con el PDI, POA y el POAI. | AD35: 1.Control interno verificó que para el segundo semestre de la vigencia 2023, se aprobó por acto administrativo el Plan Anual de adquisiciones articulado con el PDI, POA y el POAI. 2.Se verificó que el presupuesto para la vigencia 2024, fue elaborado de acuerdo a las iniciativas y necesidades establecidas en el PAA, los lineamientos de Hacienda Departamental y el mismo fue aprobado por Junta Directiva y el CODFIS Departamental. | BK35: El asesor de Control interno verificó que para la vigencia 2024, se aprobó por acto administrativo el Plan Anual de adquisiciones articulado con el PDI, POA y el POAI. Se verificó que el presupuesto para la vigencia 2024, fue elaborado de acuerdo a las iniciativas y necesidades establecidas en el PAA, los lineamientos de Hacienda Departamental y el mismo fue aprobado por Junta Directiva y el CODFIS Departamental.
A36: 25 | B36: GESTION FINANCIERA | C36: Posibilidad de impacto económico y reputacional por expedir CDP sin los requisitos establecidos en el procedimiento y en la normatividad que aplica debido a la falta de verificación de los requisitos para expedición y seguimiento al PAA. RIESGO SICOF | D36: ='Matriz de riesgos Inst'!T49 -> ALTO | E36: ='Matriz de riesgos Inst'!AJ49 -> MODERADO | F36: Se cumplió con lo establecido en el plan de mejoramiento para que los controles se mitigaran y evitar la materialización del riesgo | G36: El asesor de control interno verificó que los CDPs expedidos cuentan con la solicitud y necesidad debidamente diligenciadas y firmadas por los responsables. Esta verificación se realizó en la carpeta compartida de contratos. | R36: 1. El asesor de control interno verificó que los CDPs expedidos durante el segundo semestre de 2022 cuentan con la solicitud y necesidad debidamente diligenciados, igualmente cuentan con el código del PDI y firmados por los responsables. Esta verificación se realizó en la carpeta compartida de contratos. | AC36: 2.Se verificó que el presupuesto para la vigencia 2024, fue elaborado de acuerdo a las iniciativas y necesidades establecidas en el PAA, los lineamientos de Hacienda Departamental y el mismo fue aprobado por Junta Directiva y el CODFIS Departamental. | AD36: 1. El asesor de control interno verificó que los CDPs expedidos cuentan con la solicitud y necesidad debidamente diligenciadas y firmadas por los responsables. Esta verificación se realizó en la carpeta compartida de contratos. Igualmente se verificó, a travès de muestra aleatoria que las solicitudes de CDPs, estan contempladas en el PAA y que sus modificaciones estuvieran aprobadas por acto administrativo. 2. El asesor de control interno verificó que los CDPs expedidos cuentan con la solicitud y necesidad debidamente diligenciadas y firmadas por los responsables. Esta verificación se realizó en la carpeta compartida de contratos. | BK36: Al seguimiento se verifica que los CDPs expedidos cuentan con la solicitud y necesidad debidamente diligenciadas y firmadas por los responsables. Esta verificación se realizó en la carpeta compartida de contratos. Igualmente se verificó, a travès de muestra aleatoria que las solicitudes de CDPs estan contempladas en el PAA, en la vigencia 2024. nuevo control
A37: 26 | B37: GESTION FINANCIERA | C37: Posibilidad de impacto económico y reputacional ocasionado por costear inadecuadamente los servicios de la Institución, por falta de oportunidad y confiabilidad, en la información recibida por las procesos que reportan al área de costos, lo que ocasiona inexactitud en la asignación o distribución de recursos y no permite un análisis adecuado de la información. El riesgo fue modificado en su totalidad de acuerdo a la metodología DAFP. | D37: ='Matriz de riesgos Inst'!T52 -> BAJO | E37: ='Matriz de riesgos Inst'!AJ52 -> BAJO | F37: Se cumplió con lo establecido en el plan de mejoramiento para que los controles se mitigaran y evitar la materialización del riesgo | G37: 1. Control interno verificó que en la carpeta denominada costos 2022 se encuentran los auxiliares de costos y gastos en la carpeta de cada mes. 2. Se verificó que en la carpeta denominada costos 2022 se encuentra el informe acumulado de nómina de manera mensual. 3. Igualmente se estableció que el técnico administrativo de costos realizó las solicitudes de la información requerida para la asignación y distribución de los costos. | R37: 1. Se verificó que en la vigencia, se evidenció la carpeta denominada costos 2022, ahí se encuentran los auxiliares de costos y gastos de cada mes. 2. Se verificó en la carpeta denominada costos 2022, el informe acumulado de nómina de manera mensual. 3. Control interno verificó que el técnico administrativo de costos realizó las solicitudes de la información requerida para la asignación y distribución de los costos. 4. Igualmente se verificó que el técnico administrativo envió de manera mensual el informe de costos de las áreas administrativas y operativas a los diferentes líderes, esto se evidenció en el correo institucional. 5. También se verificó el cumplimiento de la periodicidad del comité de costos durante la vigencia 2022 , cumpliendo con los objetivos y el plan de trabajo, esto se pudo verificar a través de las actas del comité. | AC37: 1. Control interno verifico que la tècnico administrativo de costos enviò a las diferentes àreas de proceso, de manera mensual, la solicitud de informaciòn requerida para la asignaciòn y distibucion de recursos. Se evidenció que el àrea de gestiòn logistica mejoro la oportunidad en el reporte de la información solicitada. | AD37: 1. Control interno verifico que la tècnico administrativo de costos enviò a las diferentes àreas de proceso, de manera mensual, la solicitud de informaciòn requerida para la asignaciòn y distibucion de recursos. Se evidenció que el àrea de gestiòn logistica mejoro la oportunidad en el reporte de la información solicitada. 2. Se verifica por control interno que en el segundo semestre de 2023, las variaciones de los costos fueron tratadas en el comitè de costos en donde los lideres deben de argumentar las causas de las variaciones màs significativas en el consumo de recursos. Igualmente en el informe mensual de costos que realiza la tècnico administrativo, les informa a los miembrros del comitè, sobre el costo de su proceso y las variaciones para que se tomen decisiones oportunas que puedan impactar favorablemente en la rentabilidad. | BK37: Se verifica que la funcionaria encargada de costos enviò a las diferentes àreas de proceso, de manera mensual, la solicitud de informaciòn requerida para la asignaciòn y distibucion de recursos en la vigencia 2024. En el Comité de Gerencia y de Costos se revisaron las variaciones de los costos, en donde los lideres argumentaron las causas de las variaciones màs significativas en el consumo de recursos. Igualmente en el informe mensual de costos que realiza la tècnico administrativo, les informa a los miembros del comitè, sobre el costo de su proceso y las variaciones para que se tomen decisiones oportunas que puedan impactar favorablemente en la rentabilidad.
A38: 27 | B38: GESTION FINANCIERA | C38: Posibilidad de impacto económico y reputacional por presentación de informes de forma extemporánea a los entes de control, con falencias en los criterios de Oportunidad, Suficiencia y Calidad, debido a falta de seguimiento a la ejecución de ingresos y gastos para evaluar indicador de equilibrio presupuestal y conciliación mensual entre tesorería y presupuesto. RIESGO SICOF | D38: ='Matriz de riesgos Inst'!T55 -> MODERADO | E38: ='Matriz de riesgos Inst'!AJ55 -> MODERADO | F38: Se cumplió con lo establecido en el plan de mejoramiento para que los controles se mitigaran y evitar la materialización del riesgo | G38: 1.Se evidenció la construción del indicador y sus seguimiento de manera mensual con su respectivo análisis en la matríz de indicadores institucional. 2. Se evidenció la Resolución de cierre presupuestal. 3.Se evidenció formato de conciliación mensual entre las áreas de Tesorería, Presupuesto y Contabilidad. | R38: 1.Se evidenció al cierre de la vigencia 2022, el seguimiento al indicador de equilibrio presupuestal, además de los de la ejecución del ingreso y del gasto y de manera mensual con su respectivo análisis en la matríz de indicadores institucional. 2. Se evidenció la Resolución de cierre presupuestal, donde se determinan lss cuentas por cobrar, las cuentas por pagar y un superavit presupuestal al cierre del 2022 3. Se evidenció el formato de conciliación mensual entre las áreas de Tesorería, Presupuesto y Contabilidad. 4. se evidenció la presentacion de informes oportuna y coincidente a los diferentes entes de control, la misma se evidencia en las diferentes plataformas donde se rinde la información. | AC38: 2. Se verifica por control interno que en el segundo semestre de 2023, las variaciones de los costos fueron tratadas en el comitè de costos en donde los lideres deben de argumentar las causas de las variaciones màs significativas en el consumo de recursos. Igualmente en el informe mensual de costos que realiza la tècnico administrativo, les informa a los miembrros del comitè, sobre el costo de su proceso y las variaciones para que se tomen decisiones oportunas que puedan impactar favorablemente en la rentabilidad. | AD38: 1. El Asesor de Control Interno evidenció la construción del indicador y su seguimiento de manera mensual con su respectivo análisis en la matríz de indicadores institucional, y fue socializado con el equipo gerencial para la toma oportuna de decisiones. 2. En el segundo semestre de 2023 se ha venido presentado al comitè de gerencia y a la junta directiva avances a la ejecuciòn presupuestal, lo que servira de insumo a la alta direcciòn para la toma de decisiones en materia de presupuesto. 3. Se evidenció el formato de conciliación mensual entre las áreas de Tesorería, Presupuesto y Contabilidad, verificando las diferencias y los ajustes pertinentes. 4. Se evidenciò que se identificò un nuevo control al riesgo y se verificò que los informes presentados en la vigencia fiscal 2023 a los entes de control fueron realizados de manera oportuna y no presentaron extemporaneidad. Seguimiento al nuevo control 5. De acuerdo al nuevo control, el lider del proceso financiero deberà socializar al inicio de la vigencia fiscal, las fechas establecidas por los entes de control para la rendiciòn Oportuna, con Suficiencia y Calidad, de lo solicitado y evitar rendiciones extemporàneas y posibles sanciones de los entes de control. | BK38: 1. Se evidenciò que se identificò un nuevo control al riesgo y se verificò que los informes fueron presentados en la vigencia 2024 a los entes de control de manera oportuna y no presentaron extemporaneidad 2.Se evidenció la construción del indicador y sus seguimiento de manera mensual con su respectivo análisis en la matríz de indicadores institucional. 3. Se evidenció la Resolución de cierre presupuestal. 4.Se evidenció formato de conciliación mensual entre las áreas de Tesorería, Presupuesto y Contabilidad. 5. En la vigencia 2024 se presentó al comitè de gerencia y a la junta directiva los avances a la ejecuciòn presupuestal, lo que sirve de insumo a la alta direcciòn para la toma de decisiones en materia de presupuesto.
A39: 28 | B39: GESTION FINANCIERA | C39: Posibilidad de impacto operacional por pérdida información contable, financiera y presupuestal debido a falta de herramientas de respaldo de información frente a posibles perdidas de la misma lo que afecta el normal funcionamiento del proceso y posibles sanciones. Se identifico un nuevo control | D39: ='Matriz de riesgos Inst'!T58 -> MODERADO | E39: ='Matriz de riesgos Inst'!AJ58 -> MODERADO | F39: Se cumplió con lo establecido en el plan de mejoramiento para que los controles se mitigaran y evitar la materialización del riesgo | G39: Se verificó que el área de sistemas realizó los Backus de forma diaria a la información sensible del área financiera. | R39: Se verificó por parte de Control Interno que el área de sistemas realizó las rutinas a través de programas los cuales generan Backus de manera automática a la información sensible del área financiera de la siguiente manera: 1. Se realizó un Backu completo de forma diaria a las 12:00 am. 2. Se realizaron dos Backus diferenciales uno a las 9:00 am y el otro a las 4:00 pm de forma diaria 3. También se cargó a la nube la información sensible del área de los tres últimos días. | AC39: 1. El Asesor de Control Interno verificó que el área de sistemas realizó los Backus de forma diaria a la información sensible del área financiera. 2. El Asesor de Control Interno verificó que el área de sistemas realizó los Backus de forma diaria a la base de datos del ERP (Sistema operativo institucional) Seguimiento al nuevo control | AD39: 1. El Asesor de Control Interno verificó que el área de sistemas realizó los Backus de forma diaria a la información sensible del área financiera. 2. El Asesor de Control Interno verificó que el área de sistemas realizó los Backus de forma diaria a la base de datos del ERP (Sistema operativo institucional) Seguimiento al nuevo control. | BK39: Se verifica que el área de sistemas realizó los Backus de forma diaria a la información sensible del área financiera. El Asesor de Control Interno verificó que el área de sistemas realizó los Backus de forma diaria a la base de datos del ERP (Sistema operativo institucional) .nuevo control.
A40: 29 | B40: GESTION FINANCIERA | C40: Posibilidad de afectación económica y reputacional por la subfacturación de los servicios de salud a las ERP y particulares, debido al registro errado o incompleto de los procedimientos, medicamentos e insumos suministrado a los pacientes durante su atención. RIESGO OPERACIONAL | D40: ='Matriz de riesgos Inst'!T61 -> ALTO | E40: ='Matriz de riesgos Inst'!AJ61 -> MODERADO | F40: Se cumplió con lo establecido en el plan de mejoramiento para que los controles se mitigaran y evitar la materialización del riesgo | G40: 1. Se verificó en muestra tomada de facturación y en el aplicativo Hosvital que lo facturado por concepto de medicamentos e insumos fue debidamente suministrado a los pacientes. 2. Se verificó por control interno en muestra tomada que los servicios fueron debidamente registrados de acuerdo a la validación realizada comparando los soportes almacenados en la carpeta compartida de RIPS vrs los reportes del sistema Hosvital. 3.Se verificó por control interno que sí se realizan las preauditorías por parte del Técnico encargado, antes de enviar la factura para cobro. | R40: 1. Se verificó en muestra tomada de facturación y en el aplicativo Hosvital que lo facturado por concepto de medicamentos e insumos fue debidamente suministrado a los pacientes. 2. Se verificó por control interno en muestra tomada que los servicios fueron debidamente registrados y facturados de acuerdo a la validación realizada comparando los soportes almacenados en la carpeta compartida de RIPS vs los reportes del sistema Hosvital. 3. Se verificó que hasta el mes de julio de 2022 se realizó la preauditoria de manera aleatoria por parte del Técnico encargado antes de enviar la factura para cobro y se envió informe a los líderes asistenciales sobre los principales hallazgos. | AC40: 1. Se verificó en muestra tomada por contol interno a la facturación y verificaciòn en el aplicativo Hosvital que lo facturado por concepto de medicamentos e insumos fue debidamente suministrado a los pacientes. 2. Se verificó por control interno en muestra tomada que los servicios fueron debidamente registrados de acuerdo a la validación realizada comparando los soportes almacenados en la carpeta compartida de RIPS vrs los reportes del sistema Hosvital. 3. Se verificó por control interno que sí se realizan las preauditorías por parte del Técnico encargado, antes de enviar la factura para cobro. 4.Seguimiento al control en el segundo semestre de 2023 | AD40: 1. Se verificó en muestra tomada por contol interno a la facturación y verificaciòn en el aplicativo Hosvital que lo facturado por concepto de medicamentos e insumos fue debidamente suministrado a los pacientes. 2. Se verificó por control interno en muestra tomada que los servicios fueron debidamente registrados de acuerdo a la validación realizada comparando los soportes almacenados en la carpeta compartida de RIPS vrs los reportes del sistema Hosvital. 3. Se verificó por control que se realizaron las preauditorías por parte del Técnico encargado hasta junio de 2023, ya que por necesidad del servicio la técnico de preauditoría se le delegaron otras funciones. 4.Se verifica por contrrol interno, que se realizó un cierre mensual de factruración cuyo propósito es garantizar que todos los servicios prestados en el periodo a pacientes egresados se hayan facturado (Informe mensual proyectado por los facturadores). | BK40: 1. Al seguimiento se estableció que se realizó un cierre mensual de facturación cuyo propósito es garantizar que todos los servicios prestados en el periodo a pacientes egresados se hayan facturado (Informe mensual proyectado por los facturadores).
A41: Posibilidad de afectación económica y reputacional por glosas y devoluciones notificadas por la ERP sobre la facturación, debido a la falta de soportes y requisitos normativos en la facturas radicadas. | B41: GESTION FINANCIERA | C41: Posibilidad de afectación económica y reputacional por glosas y devoluciones notificadas por la ERP sobre la facturación, debido a la falta de soportes y requisitos normativos en la facturas radicadas. RIESGO SICOF-LIQUIDEZ | D41: ='Matriz de riesgos Inst'!T62 -> ALTO | E41: ='Matriz de riesgos Inst'!AJ62 -> MODERADO | F41: Se cumplió con lo establecido en el plan de mejoramiento para que los controles se mitigaran y evitar la materialización del riesgo | G41: Se verifica por control interno que la facturación radicada ante las distinta ERP se envian debidamente soportadas de acuerdo a la normatividad vigente. | R41: Se verifica por control interno que en la vigencia 2022 se radicó la facturación ante las distintas ERP debidamente soportadas de acuerdo a la normatividad vigente y a lo dispuesto en las plataformas de las diferentes EAPB. | AC41: 1. Se verifica por control interno que la facturación radicada ante las distinta ERP se envian debidamente soportadas de acuerdo a la normatividad vigente. 2. Se verifica por control interno con una muestra aleatoria de facturas de la carpeta compartida de RIPS que la facturación radicada cuenta con los debidos soportes. Seguimiento al nuevo control | AD41: Se evidencia que se realizó seguimiento a los riesgos financieros de manera semestral. Igualmente se revisaron los riesgos en el segundo semestre de 2022 y se realizó seguimiento a sus controles. El asesor de control interno realizó informe del sistema de control interno en la vigencia 2022 de manera semestral, impactando el área financiera en lo pertinente. Los informes se visualizan publicados en la página web. Igualmente realizó auditoria a la facturación, glosas y devoluciones en donde el resulltado fue el siguiente:Se verifica que la firma Kreston realizó auditoría externa y evidenció que hay un saldo en la cartera pendiente por radicar por $472.426.068-oo, correpondiente a varias entidades, que incluyen vigencias desde el 2008 y hasta el 2020. igualmente evidenció que en la presente vigencia fiscal existen glosas sin contestar. Una vez realizada la prueba de recorrido por control interno, se verificó que de lo establecido por KRESTON, la facturación de AMBUQ EPS fue radicada en julio 7 de 2021 por valor de $142.146.164 y de lo facturado a COMPARTA EPS en septiembre 18 de 2021 por valor de $ 9.151.263, actividad realizada dentro de los procesos liquidatorios de estas entidades, información que no se ve reflejada en el estado de cartera por cuanto no se ha realizado la radicaión contablemente, situación que al momento de la auditoría el profesional de cartera argumenta que se están realizando ajustes en el módulo de cartera con el acompañamiento de los consultores del aplicativo, para corregir las inconsistencias que existen entre el módulo de cartera y el de contablidad. Igualmente se tomo una muestra de la facturación de Inimputables que aparecía sin radicar y se verificó que ésta ya fue radicada ante la secretaría de Salud Dptal. Es evidente que existe facturación sin radicar con corte a octubre 31 de 2021, y se evidencia que se está trabajando en llevar a cabo el proceso de esta radicación como por ejemplo: las facturas de pruebas neuropsicológicas las cuales se encuentran sin radicar algunas por falta de los informes de los neuropsicólogos. Igualmente se revisan las facturas de vigencias anteriores al 2019 las cuales por no tener una trazabilidad en el aplicativo se debe confirmar su radicación con los soportes físicos que se encuentran en los archivos del hospital. Se recomienda por control interno que se incluya un riesgo asociado a esta actividad en la matríz, por cuanto se deben implementar efectivos controles que mitiguen los problemas que ya se evidenciaron, éste debería quedar a sugerencia del auditor de control interno de la siguiente manera: " Posibilidad de no radicación oportuna de la facturación por las siguientes causas: 1.- Por falta de soportes de la factura 2.- por falta de información por parte del prestador al momento de radicar electronicamente. 3.- Por falta de personal para atender volúmenes altos de radicación en el periodo asignado por cada EPS. 4.- Por no tener clara la ubicación del prestador para la recepción de facturas al momento de radicar en físico. Una buena identificacióin del riesgo coadyuva a mitigar con unos controles eficaces la gestión de la radicación de la facturación oportunamente. | BK41: En los informes del sistema de control interno y desde las diferentes dimensiones del MIPG y componentes de control interno, se dió alcance al área financiera. En la pestaña de transparencia de la pagina web del Hospital Departamental Psiquiatrico universitario del Valle se tienen publicados los informes. En el primer semestre de 2024 se realizó seguimiento al plan de mejoramiento de la auditoria de facturación y glosas que se realizo al finalizar la vigencia 2023. A la feha se trabaja de manera coordinada para radicar toda la facturación. Las facturas de vigencias anteriores al 2019 las cuales por no tener una trazabilidad en el aplicativo se debe confirmar su radicación con los soportes físicos que se encuentran en los archivos del hospital. Se identificó un nuevo riesgo financiero: "Posibilidad de afectación económica y reputacional por glosas y devoluciones notificadas por la ERP sobre la facturación, debido a la falta de soportes y requisitos normativos en la facturas radicadas". Desde el área financiera se evidenció que se viene realizando seguimiento regular a este nuevo riesgo para evitar su materialización.
A42: 31 | B42: GESTION FINANCIERA | C42: Posibilidad de afectación económica y reputacional por baja de cartera no recuperable derivada de las glosas , devoluciones definitvas y entidades liquidadas, debido a la falta de gestión continúa y oportuna de la cartera (Cobro persuasivo, coactivo, conciliación y depuración) de las cuentas por cobrar que deben las ERP al Hospital. RIESGO SICOF-CREDITO | D42: ='Matriz de riesgos Inst'!T64 -> ALTO | E42: ='Matriz de riesgos Inst'!AJ64 -> MODERADO | F42: Se cumplió con lo establecido en el plan de mejoramiento para que los controles se mitigaran y evitar la materialización del riesgo | G42: Se verificó que el personal de cartera adelanta las gestiones de cobro con el objeto de recaudar la cartera adeudada por las diferentes entidades, lo cual fue verificado en los diferentes oficios de cobro y conciliaciones llevadas a cabo en la presente vigencia. | R42: Se verificó que en toda la vigencia 2022 el personal de cartera adelantó las gestiones de cobro con el objeto de recaudar la cartera adeudada por las diferentes entidades, lo cual fue verificado en los diferentes oficios de cobro y conciliaciones llevadas a cabo en la vigencia, además se estableció que se contrató como apoyo a la gestion de depuración, conciliacion y recaudo a una empresa externa especializada en este proceso. | AC42: 1.Se verificó que en lo corrido de la vigencia 2023 el personal de cartera adelantó las gestiones de cobro con el objeto de recaudar la cartera adeudada por las diferentes entidades, lo cual fue verificado en los diferentes oficios de cobro y conciliaciones llevadas a cabo en la vigencia, además se estableció que se contrató como apoyo a la gestion de depuración, conciliacion y recaudo a una empresa externa especializada en este proceso. 2. Se verifico por parte de control interno los soportes fisicos y digitales de la radicación, ademas el estado de radicación de la factura en el reporte de cartera del sistema operativo HOSVITAL seguimiento al nuevo control. 3. Se verifico por parte de control interno los soportes fisicos y digitales de la radicación de las devoluciones y las respuesta a glosas, ademas el estado de radicación de la factura en el reporte de cartera del sistema operativo HOSVITAL Seguimiento al nuevo control. | AD42: 1.Se verificó que en lo corrido de la vigencia 2023 el personal de cartera adelantó las gestiones de cobro con el objeto de recaudar la cartera adeudada por las diferentes entidades, lo cual fue verificado en los diferentes oficios de cobro y conciliaciones llevadas a cabo en la vigencia, además se estableció que se contrató como apoyo a la gestion de depuración, conciliacion y recaudo a una empresa externa especializada en este proceso. 2. Se verifico por parte de control interno los soportes fisicos y digitales de la radicación, además el estado de radicación de la factura en el reporte de cartera del sistema operativo HOSVITAL seguimiento al nuevo control. 3. Se verificó por parte de control interno los soportes fisicos y digitales de la radicación de las devoluciones y las respuesta a glosas, ademas el estado de radicación de la factura en el reporte de cartera del sistema operativo HOSVITAL. 4. Control interno verificó, que se destino un recurso técnico exclusivo para garantizar la respuesta en los términos oportunos y el registro en el archivo de trasabilidad como lo define la resolucion 3047 de 2007. | BK42: 1. En la vigencia 2024 se trabajó desde cartera, adelantando las gestiones de cobro con el objeto de recaudar la cartera adeudada por las diferentes entidades, lo cual fue verificado en los diferentes oficios de cobro y conciliaciones llevadas a cabo en la vigencia. La empresa que se contrató en la vigencia pasada, continuo dando apoyo a la gestion de depuración, conciliacion y recaudo. 2. Se verifico por parte de control interno los soportes fisicos y digitales de la radicación, además el estado de radicación de la factura en el reporte de cartera del sistema operativo HOSVITAL nuevo control. 3. Se verificó por parte de control interno los soportes fisicos y digitales de la radicación de las devoluciones y las respuesta a glosas, además el estado de radicación de la factura en el reporte de cartera del sistema operativo HOSVITAL.
A43: 32 | B43: GESTION FINANCIERA | C43: Probabilidad de impacto econòmico por el manejo doloso de las glosas y devoluciones tramitadas ante las diferentes EAPB, para el favorecimiento propio o de un tercero. SICOF-Corrupción | D43: ALTO | E43: ALTO | F43: Se cumplió con lo establecido en el plan de mejoramiento para que los controles se mitigaran y evitar la materialización del riesgo | G43: Se observa por control interno que se ha dado respuesta oportuna a las glosas y devoluciones ante las diferentes EAPB, procurando subsanar la mayoria de objeciones | R43: Se verifica por control interno que el auditor médico y el coordinador de cartera gestiónan de manera oportuna las glosas y devoluciones ante las diferentes EAPB, y éstas tienen eel visto bueno de la gerencia para la toma de decisiones y constan en actas los acuerdos de la conciliacion realizada, debidamente firmado por los responsables. | AC43: 1.Se verifico por parte de control interno los soportes fisicos y digitales de la radicación de las devoluciones y las respuesta a glosas, las actas de conciliacion debidamente firmadas y ademas el estado de radicación de la factura en el reporte de cartera del sistema operativo HOSVITAL 2. Se verifico por parte de control interno que a través del informe de glosas y devoluciones generado desde auditoria medica, se está cumpliendo con la meta del plan de desarrollo. | AD43: 1.Se verifico por parte de control interno los soportes físicos y digitales de la radicación de las devoluciones y las respuesta a glosas, las actas de conciliación debidamente firmadas y además el estado de radicación de la factura en el reporte de cartera del sistema operativo HOSVITAL 2. Se verifico por parte de control interno que a través del informe de glosas y devoluciones generado desde auditoría médica, se está cumpliendo con la meta del plan de desarrollo. | BK43: 1. Se verifico por parte de control interno que a través del informe de glosas y devoluciones generado desde auditoría médica, se está cumpliendo con la meta del plan de desarrollo. 2. Se estableció por control interno los soportes físicos y digitales de la radicación de las devoluciones y las respuesta a glosas, las actas de conciliación debidamente firmadas y además el estado de radicación de la factura en el reporte de cartera del sistema operativo HOSVITAL
A44: 33 | B44: GESTION FINANCIERA | C44: Posibilidad de impacto económico y reputacional ocasionado por el subregistro al facturar la totalidad de los servicios de salud prestados, debido al subregistro de los servicios de salud en la història clìnica y en los formatos de hosvital, para el favorecimiento de un tercero. RIESGO SICOF-Corrupción | D44: ALTO | E44: ALTO | F44: Se observa que se viene cumpliendo con los controles identificados en el riesgo | G44: Se tomó muestra de la facturación y se verificó que en la factura estuviesen registrados lo insertado en la história clínica y en los formatos adjuntos de hosvital. Se verificaron las inconsistencias y los errores cometidos de las diferentes EAPB cuando realizaron las devoluciones y/o glosas y se observo la mejora contínua. | R44: Se verificaron los registros en la história clínica y en los formatos del software de hosvital, así como los soportes requeridos para el cobro oportuno de los servicios a facturar. Se debe estar dispuesto a la mejora continua y verificar las inconsistencias y los errores cometidoss, para minimizar las devoluciones y las glosas. | AC44: 1.Se verifico por parte de control interno que a través del módulo de história clinica del sistema operativo HOSVITAL se registraron todos los procesos y procedimientos. 2. Control interno tomo una muestra aleatoria de facturas de la carpeta compartida de RIPS y verificó que la facturación radicada cuenta con los debidos soportes y fueron facturados todos los procesos, suministros y procedimientos. 3. Se verifica por control interno a través del informe emitido por revisoria de cuentas que se evidencian las fallas en los registros y en la facturacion previo a la radicaciòn de las cuentas. seguimiento al nuevo control. | AD44: 1.Se verifico por parte de control interno que a través del módulo de história clinica del sistema operativo HOSVITAL se registraron todos los procesos y procedimientos. 2. Control interno tomo una muestra aleatoria de facturas de la carpeta compartida de RIPS y verificó que la facturación radicada cuenta con los debidos soportes y fueron facturados todos los procesos, suministros y procedimientos. 3. Se verifica por control interno a través del informe emitido por revisoria de cuentas que se evidencian las fallas en los registros y en la facturacion previo a la radicaciòn de las cuentas | BK44: 2. En muestra tomada de facturas de la carpeta compartida de RIPS se verifica que la facturación radicada cuenta con los debidos soportes y fueron facturados todos los servicios, suministros y procedimientos. 1. Se verifico por parte de control interno que a través del módulo de história clinica del sistema operativo HOSVITAL se registraron todos los procesos y procedimientos.
A45: 34 | B45: GESTION FINANCIERA | C45: Posibilidad de impacto econòmico y reputacional por sanciones disciplinarias, fiscales y penales, por el ente regulador, debido al recaudo de dineros provenientes de acciones ilicitas RIESGO SARLAFT | D45: ALTO | E45: ALTO | F45: Se cumplió con lo establecido en el plan de mejoramiento para que los controles se mitigaran y evitar la materialización del riesgo | G45: Se tienen programadas auditorias para el segundo semestre de 2022 al área financiera en donde se realizará seguimiento al control identificado en el riesgo. | R45: Se veriificó que en la vigencia 2022 se adelantaron auditorias por contraloría, por la revisoria fiscal y por control interno, impactando el área financiera y no se observó el recaudo de dineros provenientes de acciones ilicitas. | AC45: 1. Se verifica por control interno la existencia de la certificacion mensual deribada de los reportes de caja 2. Se verifica por parte de control interno la existencia de los reportes mensuales a la UIAF. Nuevo control | AD45: 1. Se verifica por control interno la existencia de la certificacion mensual deribada de los reportes de caja 2. Se verifica por parte de control interno la existencia de los reportes mensuales a la UIAF. | BK45: 1. Se verificó la existencia de los reportes mensuales a la UIAF. 2. Se verifica por control interno la existencia de la certificacion mensual deribada de los reportes de caja
A46: 35 | B46: GESTION FINANCIERA | C46: Posibilidad de afectación económica y reputacional por la causacion contable y posterior pago de facturas o cuentas de cobro e proveedores sin los debidos soportes e informes por parte del supervisor del contrato. Nuevo riesgo identificado | D46: MODERADO | E46: BAJO | F46: Riesgo identificado en el primer semestre de 2023. | G46: Riesgo identificado en el primer semestre de 2023. | R46: Riesgo identificado en el primer semestre de 2023. | AC46: Se verifica que al recibo de la factura o cuenta de cobro, ésta cuenta con todos los soportes requeridos, el acta de recibo a satisfación y el informe de ejecucion del contrato. Igualmente se observa que al momento de la causación y pago de la obligaciónes, éstas se verifican a través de la carpeta compartida de contratos la existencia de anticipos. | AD46: Se verifica que al recibo de la factura o cuenta de cobro, ésta cuenta con todos los soportes requeridos, el acta de recibo a satisfación y el informe de ejecucion del contrato. Igualmente se observa que al momento de la causación y pago de la obligaciónes, éstas se verifican a través de la carpeta compartida de contratos la existencia de anticipos. | BK46: Se verifica que al recibo de la factura o cuenta de cobro, ésta cuenta con todos los soportes requeridos, el acta de recibo a satisfación y el informe de ejecucion del contrato. Igualmente se observa que al momento de la causación y pago de la obligaciónes, éstas se verifican a través de la carpeta compartida de contratos la existencia de anticipos.
A47: 36 | B47: GESTION FINANCIERA | C47: Posibilidad de impacto económico y reputacional al aprobar el presupuesto de la vigencia no acorde a las variables macro economicas, a la productividad, al recaudo, a los comportamientos històricos y a la articulación al PDI, POA y POAI. RIESGO SICOF -Nuevo riesgo identificado. | D47: BAJO | E47: BAJO | F47: El riesgo fue identificado en el primer semestre de 2023 pero se evidencian acciones de cumplimiento a la norma establecida en materia de presupuesto. | G47: Nuevo riesgo identificado | S47: Nuevo riesgo identificado | AC47: Se observa que el Lìder del área financiera realizó las proyecciones presupuestales de ingresos y gastos a diciembre 31 con corte septiembre de 2023, de igual forma se analizararon los comportamientos históicos del ingreso y el gasto y se han venido evaluando las variables macroeconómicas. Nuevos controles identificados. | AD47: Se observa que el Lìder del área financiera realizó las proyecciones presupuestales de ingresos y gastos a diciembre 31 con corte septiembre de 2023, de igual forma se analizararon los comportamientos históicos del ingreso y el gasto y se han venido evaluando las variables macroeconómicas. Nuevo control identificado. | BK47: Se observa que el Lìder del área financiera realizó las proyecciones presupuestales de ingresos y gastos en la vigencia 2024. De igual forma se analizararon los comportamientos históricos del ingreso y el gasto y se han venido evaluando las variables macroeconómicas. Nuevo control.
A48: 37 | B48: DOCENCIA SERVICIO | C48: Posibilidad de impacto en la prestación del servicio por daño al paciente por falta de supervisión del docente durante las práctica clínica o en el desarrollo de una investigación debido a la falta de adherencia de los protocolos por parte de los estudiantes o investigadores | D48: ='Matriz de riesgos Asist'!T101 -> MODERADO | E48: ='Matriz de riesgos Asist'!AJ101 -> BAJO | F48: Se cumplió con lo establecido en el plan de mejoramiento para que los controles se mitigaran y evitar la materialización del riesgo | G48: 1. Control interno verificó los anexos técnicos en donde están consigandos los procedimientos permitidos. 2.Se verificó que en la história clínica (o documento maestro) que los procedimientos sean realizados por el profesor o el investigador. 3.Se verificó por control interno la existencia de las pólizas que cubren a los estudiantes de cada universidad. 4.Se verificó el registro de la asistencia a la inducción y el exámen de la aprobación a la inducción. | R48: 1. Al finalizar la vigencia se verificaron todos los anexos técnicos enviados por las diferentes universidades, además se revisaron las actas de los CODAS en donde se revisó que no se haya materializado el riesgo y que se haya cumplido con los acuerdos de la relación docencia servicio. En la vigencia 2022 hubo 24 codas. 2. Se verificó en muestra tomada de la história clínica que se realizaron los registros del supervisor- profesor, responsable en los casos donde hubo participación de los estudiantes en la atención del paciente. 3. Se verificó que en la vigencia 2022, la institución de Educación Superior realizó la adquisición de las pólizas de responsabilidad civil extracontractual para los estudiantes en prácticas formativas, y el asesor de docencia servicio, verificó que dentro de los requisitos estuviese la póliza. 4. Se verificó que en la vigencia 2022 se realizaron inducciones a los estudiantes en humanización, seguridad del paciente, guías y protocolos de la atención, reglamento de práctica formativa y se verificó el entendimiento, se cuenta con los registros de asistencia. | AC48: 1. En el porimer semestre de 2023 se verificaron todos los anexos técnicos enviados por las diferentes universidades y se revisò las actas de los CODAS en donde se verificò que no se ha materializado el riesgo y que se ha cumplido con los acuerdos de la relación docencia servicio. 2. Se verificó en muestra tomada de la história clínica que se realizaron los registros del supervisor- profesor, responsable en los casos donde hubo participación de los estudiantes en la atención del paciente. 3. Se verificó que en el primer semestre de 2023, la institución de Educación Superior realizaron la adquisición de las pólizas de responsabilidad civil extracontractual para los estudiantes en prácticas formativas, y el asesor de docencia servicio, verificó que dentro de los requisitos estuviese la póliza. 4. Se verificó que en el primer semestre de 2023 se han realizado 7 inducciones a los estudiantes en humanización, seguridad del paciente, guías y protocolos de la atención, reglamento de práctica formativa y se verificó el entendimiento, con evaluaciòn pot y se cuenta con los registros de asistencia. | AD48: 1. Se evidencia que al concluir la vigencia, se realizaron verificaciones de los anexos técnicos proporcionados por las diferentes universidades. Además, se revisaron las actas de los CODAS, confirmando que no se materializó ningún riesgo y que se cumplieron todos los acuerdos establecidos en la relación docencia-servicio. 2. Se llevó a cabo una verificación en una muestra seleccionada de la história clínica, confirmando que se habían realizado los registros correspondientes por parte del supervisor o profesor en aquellos casos donde los estudiantes participaron en la atención al paciente. 3. Durante todo el año 2023, se confirmó que la Institución de Educación Superior adquirió las pólizas de responsabilidad civil extracontractual para los estudiantes en prácticas formativas. El asesor de docencia servicio verificó que la póliza estuviera entre los requisitos. 4. Se estableció que a lo largo del 2023, se realizaron 11 sesiones de inducción para los estudiantes, abordando temas como la humanización, seguridad del paciente, guías y protocolos de atención, y el reglamento de práctica formativa. Se verificó la comprensión de los estudiantes a través de una evaluación posterior y los registros de asistencia. | BK48: 1. Se estableció que en la vigencia 2024, se realizaron verificaciones de los anexos técnicos proporcionados por las diferentes universidades y se revisaron las actas de los CODAS, y se cumplieron todos los acuerdos establecidos en la relación docencia-servicio. 2. Se llevó a cabo una verificación en una muestra seleccionada de la história clínica, confirmando que se habían realizado los registros correspondientes por parte del supervisor o profesor en aquellos casos donde los estudiantes participaron en la atención al paciente. 3. Se realizaron sesiones de inducción para los estudiantes, en donde se abordaron temas como la humanización, seguridad del paciente, guías y protocolos de atención y el reglamento de práctica formativa. La comprensión de los estudiantes se evalúa y se cuenta con los registros de asistencia.
A49: 38 | B49: DOCENCIA SERVICIO | C49: Probabilidad de impacto operacional por ocurrencia de un accidente biológico o físico al estudiante en el escenario de la práctica clínica debido a la ejecución de actividades asociadas a la atención | D49: ='Matriz de riesgos Asist'!T104 -> MODERADO | E49: ='Matriz de riesgos Asist'!AJ104 -> BAJO | F49: Se cumplió con lo establecido en el plan de mejoramiento para que los controles se mitigaran y evitar la materialización del riesgo | G49: 1.Se verificó la presencia en la carpeta de cada estudiante del esquema completo de vacunación. 2.Se verificó en la carpeta de la universidad la afiliación de los estudiuantes a la ARL. Igualmente cada estudiante porta el carnét de la ARL. 3.Se verificaron los registros de asistencia de la inducción dada a los estudiantes. | R49: 1. Se verifico que en la vigencia 2022 el Coordinador de Docencia Servicio e Investigación, validó el esquema completo de vacunación. 2. Se verificó en las carpetas de las universidades la afiliación de los estudiuantes a la ARL. 3. Se verificó en la vigencia 2022 que el docente asignado realizó a 585 estudiantes, las jornadas de inducción general y especifica, Lo anterior se evidenció en el registro de asistencia. | AC49: 1. Se verifico que en primer semestre de 2023, el Coordinador de Docencia Servicio e Investigación, validó el esquema completo de vacunación 2. Se verificó en las carpetas de las universidades la afiliación de los estudiuantes a la ARL. 3. Se verificó que en el primer semestre de 2023 se han realizado 7 inducciones a los estudiantes en humanización, seguridad del paciente, guías y protocolos de la atención, reglamento de práctica formativa y se verificó el entendimiento, con evaluaciòn pot y se cuenta con los registros de asistencia | AD49: 1. Se verifico que el Coordinador de Docencia Servicio e Investigación, validó el esquema completo de vacunación 2. Se verificó en las carpetas de las universidades la afiliación de los estudiantes a la ARL. 3. Para el 2023, se realizaron 11 sesiones de inducción para los estudiantes, abordando temas como la humanización, seguridad del paciente, guías y protocolos de atención, y el reglamento de práctica formativa. Se verificó la comprensión de los estudiantes a través de una evaluación posterior y los registros de asistencia. | BK49: 1. Se validó el esquema completo de vacunación por el Coordinador de Docencia Servicio e Investigación, 2. Se verificó en las carpetas de las universidades la afiliación de los estudiantes a la ARL. 3. En la vigencia 2024 se realizaron sesiones de inducción para los estudiantes, abordando temas como la humanización, seguridad del paciente, guías y protocolos de atención y el reglamento de práctica formativa.
A50: 39 | B50: DOCENCIA SERVICIO | C50: Posibilidad de impacto operacional por omisión del consentimiento informado en el proceso de investigación al participante debido a la falta de adopción de buenas prácticas del investigador. | D50: ='Matriz de riesgos Asist'!T109 -> BAJO | E50: ='Matriz de riesgos Asist'!AJ109 -> BAJO | F50: Se cumplió con lo establecido en el plan de mejoramiento para que los controles se mitigaran y evitar la materialización del riesgo | G50: 1. Se verificaron las actas del Comité de Ética y las cartas de aval de cada proyecto. 2. Se verificaron que los consentimientos informados estuviesen acordes con la guía GUI-DSI-02. | R50: 1. Se verificaron todas las actas del comité de etica en donde se aprobaron los consentimientos informados y los avales para los proyectos de investigación institucional. 2. Se verificó que los consentimientos informados están acordes con la guia GUI-DSI-02. | AC50: 1. Se verificaron todas las actas del comité de etica en donde se aprobaron los consentimientos informados y los avales para los proyectos de investigación institucional. 2. La oficina de docencia servicio e investigación indica a todos los investigadores la existencia de la GUI-DSI-02 Guía para el Consentimiento Informado. | AD50: 1. Se verificaron todas las actas del comité de ética en donde se aprobaron los consentimientos informados y los avales para los proyectos de investigación institucional. 2. La oficina de docencia servicio e investigación indica a todos los investigadores la existencia de la GUI-DSI-02 Guía para el Consentimiento Informado. | BK50: 1. En la vigencia 2024 se verificaron todas las actas del comité de ética en donde se aprobaron los consentimientos informados y los avales para los proyectos de investigación institucional. 2. La oficina de docencia servicio e investigación indica a todos los investigadores la existencia de la GUI-DSI-02 Guía para el Consentimiento Informado.
A51: 40 | B51: DOCENCIA SERVICIO | C51: Posibiliad de impacto reputacional y económico por el manejo de la confidencialidad del paciente por parte del estudiante que hace parte de la práctica clínica o de los profesionales en investigación, debido a la facilidad de acceso a la história clínica. | D51: ='Matriz de riesgos Asist'!T111 -> MODERADO | E51: ='Matriz de riesgos Asist'!AJ111 -> BAJO | F51: Se cumplió con lo establecido en el plan de mejoramiento para que los controles se mitigaran y evitar la materialización del riesgo | G51: 1. Se verificó que se realizó inducción a los estudiantes sobre manejo de confidencialidad de la história clínica y se verificó que a través del formato FOR-GIN-42. se establecen los permisos y códigos. 2. Se verificó el seguimiento del protocolo de invesigación. | R51: 1. Se verificó que en la vigencia 2022 se realizó inducción a los estudiantes sobre manejo de confidencialidad de la história clínica y se verificó que estos permisos fueron diligenciados a través del formato FOR-GIN-42. 2. Se verificó el manejo adecuado de los datos y del archivo de acuerdo a los protocolos de investigación, protocolos que son revisados en los comités de ética e investigación. | AC51: 1. Para el primer semestre del 2023 se realizó inducción a los estudiantes sobre manejo de confidencialidad de la história clínica y se verificó que estos permisos fueron diligenciados a través del formato FOR-GIN-42. 2. Se verificó el manejo adecuado de los datos y del archivo de acuerdo a los protocolos de investigación, protocolos que son revisados en los comités de ética e investigación. | AD51: 1. Durante la vigencia 2023, se realizó inducción a los estudiantes sobre manejo de confidencialidad de la história clínica y se verificó que estos permisos fueron diligenciados a través del formato FOR-GIN-42. 2. Se verificó el manejo adecuado de los datos y del archivo de acuerdo a los protocolos de investigación, protocolos que son revisados en los comités de ética e investigación. | BK51: 1. En la vigencia 2024 se realizó inducción a los estudiantes sobre manejo de confidencialidad de la história clínica y se verificó que estos permisos fueron diligenciados a través del formato FOR-GIN-42. 2. Se verificó el manejo adecuado de los datos y del archivo de acuerdo a los protocolos de investigación, protocolos que son revisados en los comités de ética e investigación.
A52: 41 | B52: URGENCIAS | C52: Posibilidad de impacto en la prestación del servicio por Incumplimiento de la ruta de atención de urgencias debido a la fallas en la supervisión de las actividades relacionadas con las rutas de atención | D52: ='Matriz de riesgos Asist'!T17 -> BAJO | E52: ='Matriz de riesgos Asist'!AJ17 -> BAJO | F52: Se cumplió con lo establecido en el plan de mejoramiento para que los controles se mitigaran y evitar la materialización del riesgo | G52: 1.Se verificó por control interno que las rutas de atención se encuentran en la plataforma documental y fueron socializadas en la inducción y reinducción realizada en la institución en enero de 2022 con un 96% de cobertura. 2. Se verificó por control interno en la revisión de la muestra de histórias clínicas que se encuentran registrados los riesgos que fueron identificados al ingreso. 3. Se verificó que en la plataforma documental se encuentran publicadas las guías de práctica clínica. Se verificó el informe de auditoría para el primer semestre de 2022 donde se encuentra la medición de la adherencia a las guías de práctica clínica. 4. Se verificó por control interno que se tomo muestra del diligenciamiento de los formularios y se evidencia que se hace seguimiento del egreso a los pacientes de primea vez | R52: 1. Al finalizar la vigencia 2022 se evidenció que se dió cumplimiento a la publicacion en la plataforma documental de las rutas de atención y su socialización en los EPM en las sesiones breves. 2. Igualmente en la muestra del segundo semestre de 2022 se verificó que en las Histórias Clinicas fueron incluidos los riesgos. 3. Se verificó que en la plataforma documental se encuentran publicadas las guías de práctica clínica. 4. Se verificó que se diligenciaron los formularios verificando el seguimiento del egreso del paciente. | AC52: 1. Se evidencia que se estan actualizando las rutas de atenciòn teniendo en cuenta el plan de atencion de enfermeria, los risgos clinicos, las escalas para que en el segundo semestre de 2023 sean socializados y divulgados. 2. Se evidencia que en el mes de mayo se realizò nueva capacitacion a los enfermeros sobre el correcto diligenciamiento del Kardex de enfermerìa el cual incluye la identificaciòn de los riesgos. Tambien se evidencia que se realizaron reuniones con el equipo de sistemas, los creadores de hosvital y el equipo asistencial para la revisiòn y aplicacion de escalas para evaluar los riesgos clìnicos durante la ruta de atenciòn en la historia clinica de hosvital, asi como tambien la identificaciòn de riesgos de los cuales no se disponen de escalas internacionaesl en consideracion de condiciones institucionales predictivas.(se generan instrumentos de evaluacion del riesgo de evasiòn, acercamiento sexual, consumo de sustancias y suicidio para que queden en historia clinica ) 3. Se realizo evaluacion de GRD demencia, esquizofrenia, transtorno afectivo bipolar, depresiòn en el primer semestre de 2023. 4. Se evidenciò en el primer semestre 529 llamadas se seguimiento post-egreso y 158 formularios de pacientes de primera vez con su seguimiento. | AD52: 1. Se evidencia que se socializò al 100% de enfermeros la actualizaciòn del procedimiento de atenciòn de enfermerìa, diligenciamiento del kardex, identificaciòn y registro de riesgos clinicos y plan de ciudados . Se evidencian actas de lideres de equipos primario de mejoramiento mes de noviembre 2023, registro de asistencia de octubre de 2023 y una lista de chequeo que se realizan mensual. Se evidencia que en el mes de mayo se realizò nueva capacitacion a los enfermeros sobre el correcto diligenciamiento del Kardex de enfermerìa el cual incluye la identificaciòn de los riesgos. Tambien se evidencia que se realizaron reuniones con el equipo de sistemas, los creadores de hosvital y el equipo asistencial para la revisiòn y aplicacion de escalas para evaluar los riesgos clìnicos durante la ruta de atenciòn en la história clinica de hosvital, asi como tambien la identificaciòn de riesgos de los cuales no se disponen de escalas internacionaes en consideración de condiciones institucionales predictivas.(se generan instrumentos de evaluacion del riesgo de evasiòn, acercamiento sexual, consumo de sustancias y suicidio para que queden en história clinica ) 2. Se evidencia que la subgerencia cientifica informa a través de menmorando al personal asistencial el informe de auditoria integrada de calidad técnica de historia clinica y adherencia en guias de práctica clinica, donde señala los grupos relacionados de diagnóstico y socializa la adherencia a guias de práctica clinica, mostrando una adherencia del 97%, cumpliendo con la meta establecida. 3. Se evidenciaron 1057 formularios en el seguimiento post-egreso a noviembre de 2023 y 300 de pacientes de primera vez. 4. Se evidencio en el informe una adherencia del 95% en el item de correcto diligenciamiento de registros clìnicos y cumpliendo la meta. | BK52: 1. Se observó por control interno al seguimiento que se realizó en la vigencia 2024 capacitación en: procedimientos de enfermería, Plan de atención de enfermería, KARDEX, y quedó evidenciado en acta de líderes de EPM, con una cobertura del 100% de los líderes de EPM, se socializan durante el primer semestre 2024 las sesiones breves (capacitaciones en los servicios de procedimientos y protocolos asistenciales) cumpliendo con el 100% del plan de trabajo de cada servicio . 2. Se evidencian las Actas de líderes primarios de mejoramiento EPM mensuales en la vigencia 2024. 3. Se realizó articulación con el comité de histórias clínicas el seguimiento y avance en la implementación, donde se invitó al representante de los líderes de EPM para realizar seguimiento de las actividades articuladas con el software de Hosvital, la implementación de alertas, alarmas, la identificación de los riesgos clínicos. 4. Se realizó auditoría interna de GPC (guías de práctica clínica) y de História clínica, evidenciando una adherencia de 96% pasando la meta establecida.
A53: 42 | B53: URGENCIAS | C53: posibilidad de impacto en la prestación del servicio por subtriage del paciente al ingreso debido a falta de capacitación al personal que realiza el triage. | D53: ='Matriz de riesgos Asist'!T18 -> MODERADO | E53: MODERADO | F53: Se cumplió con lo establecido en el plan de mejoramiento para que los controles se mitigaran y evitar la materialización del riesgo | G53: Control interno verificó que se realizó capacitación a los profesionales de enfermería en el primer semestre de 2022 sobre el triage en el mes de abril con el apoyo de los EPM | R53: Control interno verificó que se realizó capacitación en el mes de abril al 100% de los lideres de los equipos primarios de mejoramiento en la vigencia 2022 y a los profesionales de enfermería sobre el triage con el apoyo de los EPM | AC53: Se verifica que se realizo capacitacion en triage y entrenamiento los dia 29 y 30 de junio a todo el personal que ingreso en la institucion en el primer semestre de 2023. | AD53: Se verifica que se realizó capacitación en triage y entrenamiento a todo el personal de la institución en el segundo semestre de 2023, los dias 8, 9 y 10 y de noviembre. | BK53: Al seguimiento se onservó que se realizaron las capacitaciones articuladas al Plan Institucional de Capacitación PIC, como entrenamiento en salud mental en dónde está comprendido el Triage, teniendo en cuenta las circulares internas desde Gerencia con el objetivo de revisar los horarios y disposición de tiempos para capacitaciones, esta consulta se lleva al Departamento Administrativo de función pública.
A54: 43 | B54: URGENCIAS | C54: Posibilidad de impacto en la prestación de servicio por educación deficiente al paciente y familia en temas individuales y colectivos debido a la falta de educación al paciente y familia que ingresa por urgencias y que va a ser hospitalizado. | D54: ='Matriz de riesgos Asist'!T19 -> MODERADO | E54: MODERADO | F54: Se cumplió con lo establecido en el plan de mejoramiento para que los controles se mitigaran y evitar la materialización del riesgo | G54: 1. Se verificó por control interno que se cuenta con el cronograma de educación, anual para los pacientes y/o familiares. 2. Se evidenció cronograma de capacitación de los EPM realizados de manera mensual en temas provenientes de los diferentes programas. 3. Control internno tomó muestra de las histórias clínicas del primer semesrtre de 2022, evidenciando que el médico psiquiátra deja constancia de educación brindada. | R54: 1. Al finalizar la vigencia 2022, control interno estableció que se desarrolló el cronograma de las actividades propuestas por el grupo de Educación en Salud (GES) y se evidenciaron en el Drive. 2.Se evidenciaron las capacitaciones en las actas que realizaron los Equipos Primarios de Mantenimiento (EPM), al finalizar la vigencia 2022. 3.Control interno toma muestra al finalizar la vigencia 2022 en donde se verificó la educación brindada al paciente por el equipo tratanrte. | AC54: 1. Se evidencia el plan de trabajo del Grupo de Educaciòn Ges para el 2023. 2. Se cuenta con evidencia de educacion individual por servicio por mes a los pacientes. 3. Se evidencia en las H.C. la educacion al paciente en enfermedad mental VERIFICAR 4. Se establece que ser actualiza en el primer semestre el contenido de la guia del usuario version 2023 el cual se solicita a comunicaciones nuevo diseño, implementacion de manera digital, divulgacion por televisores en fisico y QR. Se eimplementa la necesidad de comunicaion educativa al paciente familia y comunidad, teniendo en cuenta segunda lengua en ingles, acceso a personas con diferentes discapacidades y lengua NASA YUWE, como lengua indigena. 5. Se evidenciò que se realizaron 149 llamadas integrales en el primer semestre de 2023, a pacientes identificados de primera vez, quedo registrado en el instructivo competencias de autocuidado por medio de un formulario de google. Seguimiento al nuevo control | AD54: 1. Se evidencia un cumplimiento del plan de trabajo del Grupo de Educaciòn Ges a noviembre de 2023. del 90% 2. Se cuenta con evidencia de educacion individual por servicio por mes a los pacientes en el año 2023 de 2432 asistencias a actividades eductativas individuales y 2811 actividades colectivas. 3. Se evidencia los formatos en google form de la educacion al paciente en enfermedad mental fueron 1057 formularios. Igualmente se establece que se actualizò en la presente vigencia 2023, el contenido de la guia del usuario version 2023, el cual se solicitò a comunicaciones nuevo diseño, implementacion de manera digital, divulgacion por televisores en fisico y QR. Se implementa la necesidad de comunicaciòn educativa al paciente familia y comunidad, teniendo en cuenta segunda lengua en ingles, acceso a personas con diferentes discapacidades y lengua NASA YUWE, como lengua indigena. 4. Se verificò que se desarrollan las listas de asistencia en el registro de actividades educativas por terapia ocupacional y en la vigencia 2023, 9.130 pacientes recibieron educacion por parte de terapia ocupacional, en temas relacionados como; manejo de residuos, derechos y deberes. lavado de manos, seguridad del paciente, plan de emergencias y evacuacion, enfermedad mental. Seguimiento Nueva rcontrol | BK54: 1. Al seguimiento se evidenció que se dió cumplimento al plan de trabajo del grupo de educación en salud en la vigencia 2024, con el 100% de las actividades programadas y se educaron, colaboradores, pacientes, cuidador y/o familia. 2. Se verifica que se cuenta con evidencia de educación individual en la vigencia 2024 y estas educaciones se realizaron en los servicios de hospitalización, consulta externa, urgencias, intervención social y comunitaria. 3. También se verificó que se realizarón los formatos en google sobre la educación al paciente con enfermedad mental , donde se cuenta con dos formularios en la plataforma de google forms : Encuesta de autocuidado y encuesta exámen en temas de educación en salud. 4. Se verificó que se divulgó la guía del usuario mediante los diferentes canales de comunicación : redes sociales, página web del hospital , whatsapp, se instalaron por los diferentes servicios infografía con el QR, facebook, instagram, correos institucionales, actividades educativas a pacientes y familia, socialización a los equipos primarios de mejoramiento. 5. Se evidencia que se registraron asistencias educativas por terapia ocupacional en la vigencia 2024. Nuevo control
A55: 44 | B55: URGENCIAS | C55: Posibilidad de impacto en la prestación de servicio por desconocimiento o incumplimiento a la higiene postural al levantarse de la cama, fallas en la señalización de piso mojado, fallas en la intervención de factores coadyuvantes a caídas debido a la condición clínica del paciente | D55: ='Matriz de riesgos Asist'!T21 -> MODERADO | E55: MODERADO | F55: Se cumplió con lo establecido en el plan de mejoramiento para que los controles se mitigaran y evitar la materialización del riesgo | G55: 1. Se evidenció que durante todo el mes de febrero se realizó capacitación en protocolo de caídas y de la sesión breve de la Meta #2. 2. Se evidenció la aplicación de la lista de chequeo para la prevención de caídas. 3.Se evidenció en las actas que los EPM realizan sesiones breves de la meta 2 ( prevención en caídas 4.Se evidenció informe de rondas de seguridad administrativas del primer semestre de 2022 | R55: 1. Al finalizar lel segundo semestre de la vigencia 2022, se evidenció en las actas de los equipos primarios de mejoramiento la capacitación sobre las sesión breve de la Meta 2 de seguridad de paciente prevencion de caidas con una cobertura del 92% según el plan institucional de capacitación de la viegencia 2022 2. Se verificó que se aplicó la Escala de Morse para la identificación del riesgo de caidas, de lo cual se evidenció el registro en el Kardex de enfermería. 3.Se evidenció en las actas, que los EPM realizaron sesiones breves de la meta 2 ( prevención en caídas) 4. Se verificó que se realizaron rondas de seguridad en donde se verificó infraestructura segura para la prevención de caidas, socializado al comité de seguridad del paciente para el plan de mejoramiento. | AC55: 1. Se verifica que se realiza sesion breve en el mes de enero a todos los EPM, socializando el protocolo de prevenciòn de caidas, como meta numero 1 de seguridad del paciente, en la induccion y reinduccion anual realizada en el mes de enero de 2023 se capacitò sobre la meta >Nro. 1 de prevencion de caidas. 2. Se vertifica que se realizan 4 listas de chequeo por servicio por mes, evidenciando una adherencia mayor al 90% como satisfactoria. 3.Se evidenció en las actas, que los EPM realizaron sesiones breves de la meta 2 ( prevención en caídas), y se verifica en las actividades educativas con los pacientes, la orientacion relacionada con el autocuidado para prevenir caidas. Se realizò una revisiòn y ajuste en el consentimiento informado de hospitalizacion y se propone en formato de orientacion por riesgo alto de caida de compañia permanente por cuidador o familiar al paciente, buscando mayor compromiso por parte de la fanilia, para aquellos pacientes con alto riego. 4. Se evidencia en los informes la aplicacion de rondas de seguridad a los servicios una por me 6 en total. 5. Se verificò que se gestionò el FOR-HOS-10 y firmado por el familiar en el primer semestre de 2023. Seguimiento al nuevo control | AD55: 1. En la vigencia 2023 se verifica una cobertura del 95% de capacitacion en la Meta 2. 2. Se vertifica que se realizan 4 listas de chequeo por servicio por mes, evidenciando una adherencia mayor al 90% como satisfactoria. 3.Se evidenció en las actas, que los EPM realizaron sesiones breves de la meta 2 ( prevención en caídas), y se verifica en las actividades educativas con los pacientes, la orientacion relacionada con el autocuidado para prevenir caidas. Se realizò una revisiòn y ajuste en el consentimiento informado de hospitalizacion y se socializo en el segundo semestre de 2023 el formato FOR-HOS-16 publicado en la plataforma documental. 4. Se evidencia en los informes la aplicacion de rondas de seguridad a los servicios una por mes 12 en total. | BK55: 1. Se verifica capacitación de la Meta 2: Se realizan las sesiones breves en el 100% de los EPM logrando una cobertura del 98%. 2. Igualmente se observó que se realizaron listas de chequeo en la vigencia 2024, con una adherencia mayor del 94% 3. Se evidenció en cada servicio las actas de lideres de EPM, las sesiones breves de prevencion de caídas realizadas en el mes de febrero 2024, también se brindó educación en los club de cuidadores en el mes de febrero incentivando el autocuidado, donde se profundiza la prevención de caídas. También con el equipo de terapeutas se realizó psicoeducación semanal en el cual están las psicoeducaciones de prevención de caídas. 4. Las Rondas de seguridad se han aumentado según informes de años anteriores, incrementando a 15 por mes.
A56: 45 | B56: URGENCIAS | C56: Posibilidad de impacto en la prestación del servicio por infección asociada a la atención en salud, deficiente adherencia a protocolos, procedimientos y demás documentos asociados a la prevención de las infecciones asociadas con la atención en salud, debido a la fallas en la supervisión de las actividades relacionadas con la prevención de infecciones | D56: ='Matriz de riesgos Asist'!T25 -> MODERADO | E56: MPDERADO | F56: Se cumplió con lo establecido en el plan de mejoramiento para que los controles se mitigaran y evitar la materialización del riesgo | G56: 1. Se verificó que en las actas del Comité de Vigilancia en Salud se revisaron y se socializó al personal asistencial las medidas adoptadas para la prevención y control de infecciones asociadas a la atención en salud. En la vigencia 2022 no se evidenciaron actualizaciones a los manuales, protocolos y procedimientos. 2.S e evidenció que los EPM aplican mensualmente la Lista de Chequeo de Higiene de Manos en el FOR-TRA-11 en los diferentes servicios, en donde verifican el cumplimiento a la adherencia de la higiene de manos y los resultados son socializados en el boletín semestral del Programa de Seguridad del Paciente cada 6 meses. 3.Control interno verificó que los EPM y con el apoyo del COPASST realizaron capacitación y evaluación de adherencia al protocolo de higiene de manos registrado en el PRO-TRA-04 para el primer semestre de 2022. 4. Se evidenció el inventario de los insumos realizados en el mes de Junio y con trazabilidad de 2 años. Ver informe anexo | R56: 1. Al finalizar la vigencia 2022, se evidenció en las actas del Comité de vigilancia en saluad, la revisión y socialización al personal asistencial de las medidas adoptadas para la prevención y control de infecciones asociadas a la atención en salud. 2. Se evidenció que la aplicación mensual por parte de los EPM de la Lista de Chequeo de Higiene de Manos en el FOR-TRA-11 en los diferentes servicios, en donde se verificó el cumplimiento a la adherencia que fue del 100% de los servicios relacionados con la higiene de manos y los resultados fueron socializados en los boletínes del Programa de Seguridad del Paciente. 3. Higiene de manos: se realizó capacitación a nivel institucional a los colaboradores sobre la higine de manos con una cobertura del 91%, midiendo adherencia al conocimiento en la técnica de higiene de manos del 91.1%, también con los EPM y con el apoyo del COPASST se realizó capacitación y evaluación de adherencia al protocolo de higiene de manos según el PRO-TRA-04 y se midió el conocimiento de los momentos de lavado de manos con un promedio del 97.4%, de conocimiento de adeherencia a los 5 momentos de la OMS. Se evidenció medición de la disponibilidad de elementos para la higiene de manos, alcohol 234 unidades, jabón antibacterial 68, jabon cosmético 218, dispensador de toalla 254, incremento del más de 50% comparado con años anteriores, en el FOR-TRA-94. igualmente se evidenciaron listas de chequeo para detectar. prevenir y reducir el riesgo de infecciones asociadas con la atención en salud: adherencia a protocolos de aislamiento, higiene de manos, limpieza y desinfección, tomas de muestra covid, colocación y mantenimiento de sondas nasogástricas, bioseguridad, oxigenoterapia, colocación y mantenimiento de sonda vesical, venopunción, manejo de derrames y fluidos, todo esto documentado en el comité de vigilancia en salud (Cove) | AC56: 1. En el primer semestre el comité de vigilancia en salud realizò sus reuniones ordinarias como esta establecido en la politica, cada tres meses y en situaciòn especial una reunion extraordinaria. Igualmente se evidencia capacitacion en sesiones breves de seguridad del paciente la Meta Nro. 4 prevenciòn de infecciones incluyendo lavado de manos, tècnica asèptica, estrategias para prevenir infecciones asociadas a la atenciòn en salud IAAS, bioseguridad, uso de elementos de protecciòn personal, limpieza y desinfecciòn, manejo de residuos hospitalarios y tipos de aislamiento. y se realizò en el mes de abril de 2023.. 2. Se evidenció la aplicación mensual por parte de los EPM de la Lista de Chequeo de Higiene de Manos en el FOR-TRA-11 en los diferentes servicios, en donde se verificó el cumplimiento a la adherencia que fue del 90% de los servicios relacionados con la higiene de manos y los resultados seran socializados en el segundo semestre de 2023. 3. Tambièn se estableciò que en el comite de vigilancia en salud se cumplio con uno de los objetivos cual es el de capacitar, medir la adherenciua a los momentos de lavado de manos, conmemorandolo en el mes de mayo de 2023. 4. Ighualmente se evidenciò que se midiò en junio de 2023 los dispositivos instalados a nivel institucional para el lavado de manos, encontrando 238 dispositivos para el alcohol antiseptico, 69 jabones antibacteriales y 232 jabòn cosmètico. 5. Se verificò por control interno que existe adherencia al seguimiento de la insercciòn del cateter venoso de uso periferico y se visualizan 816 seguimiento en los servicios.Nuevo control | AD56: 1. En la vigencia 2023 el comité de vigilancia en salud realizò sus reuniones ordinarias como se encuentra establecido en la politica, en el segundo semestre se actualiza el comitè incluyendo la resoluciòn 2471 de 2022 por el cual adopta lineamientos tècnicos para los programas de prevenciòn, vigilancia y control de infecciones asociadas a la atenciòn en salud y de optimizaciòn del uso de antimicrobianos PROA. Se socializò en la feria de la excelencia la resolucion 364 del 9 de agosto de 2023, con un nivel de entendimiento del 97.7% 2. Se evidenció la aplicación mensual por parte de los EPM de la Lista de Chequeo de Higiene de Manos en el FOR-TRA-11 en los diferentes servicios, en donde se verificó el cumplimiento a la adherencia que fue del 90% de los servicios relacionados con la higiene de manos y los resultados fueron socializados en el segundo semestre de 2023 a traves del boletin de seguridad del paciente que muestra la adherencia por momentos de higiene de manos segùn la OMS y los momentos institucionales. Se socializò tambièn en las reuniones de equipos primarios de mejoramiento, encontrando una mayor adherencia al momento 4 con un 96%. 3. Tambièn se estableciò que en el comite de vigilancia en salud se cumplio con uno de los objetivos cual es el de capacitar, medir la adherenciua a los momentos de lavado de manos, y al finalizar vigencia se capacitaron a más de 600 personas. 4. Igualmente se evidenciò que se midiò en junio de 2023 los dispositivos instalados a nivel institucional para el lavado de manos, encontrando 238 dispositivos para el alcohol antiséptico, 69 jabones antibacteriales y 232 jabòn cosmètico, comportamiento que se evidenciò hasta finalizar la vigencia 2023. | BK56: 1.Se observó que el comité de vigilancia en salud realizó las reuniones ordinarias cada mes, en la vigencia 2024. 2. Se realizó de manera mensual las listas de chequeo de higiene de manos, realizando por los EPM 360 listas de chequeo y por las rondas de seguridad de enfermera Cove 145 en el primer semestre 2024. La adherencia es del 90% con una cobertura del 90%, certificados por la OPS a el personal asistencial ¨Higiene de manos¨. 3. Se realizó capacitación y campaña de Higiene de manos , celebrando en el mes de mayo la Jornada de Higiene de manos. 290 colaboradores participaron en la campaña, 211 pacientes, en total, participaron: 401. 4. Se evidenció que se cuenta con instalación de dispositivos para higiene de manos: 67 de jabón cosmético, 129 de jabón antibacterial y 48 de alcohol, incrementando un 25% en el periodo.
A57: 46 | B57: URGENCIAS | C57: Posibilidad de impacto en la prestación del servicio relacionado con la evasión de pacientes por fallas en los controles para el ingreso y egreso de pacientes y factores contributivos asociados con la infraestructura de fácil alcance para los pacientes debido a la fallas en la supervisión del paciente | D57: ='Matriz de riesgos Asist'!T32 -> ALTO | E57: ='Matriz de riesgos Asist'!AJ32 -> MODERADO | F57: Se cumplió con lo establecido en el plan de mejoramiento para que los controles se mitigaran y evitar la materialización del riesgo | G57: 1. Se evidenció la realización del simulacro de evasión y perdida de pacientes el día 15 de julio de 2022. Ver informe anexo. 2. Se verificó a través de ronda realizada por control interno en los servicios, el uso de las manillas de los pacientes, en donde se encuentra identificado el riesgo de evasión y demás. Igualmente en los tableros de las estaciones de enfermeria se encuentran estos riesgos identificados en frente del nombre de cada paciente, al igual que en el kardex de enfermería donde se encuentra identificado este riesgo. 3. Se evidenció por control interno en los servicios y en las áreas perimetrales la presencia de sensores que se activan ante la cercanía de los pacientes hacia las zonas identificadas en riesgo. Igualmente se verificó que fue socializado en inducción y reinducción. | R57: 1. Se evidenció que se realizaron 2 simulacros en la vigencia 2022 de evasión y pérdida de pacientes, encontrando en el primer simulacro una adherencia del 83% aceptable para el primer semestre y para el segundo semestre se realizó simulacro en articulación con el comité hospitalario de emergencias con un resultado óptimo del 100% 2. En toda la vigencia 2022 se verificó en los servicios, el uso de las manillas de los pacientes, en donde se encuentra identificado el riesgo de evasión y demás. Igualmente en los tableros de las estaciones de enfermería se encuentran estos riesgos identificados en frente del nombre de cada paciente, al igual que en el Kardex de enfermería donde se encuentra identificado este riesgo. 3. Se evidenció por control interno en los servicios y en las áreas perimetrales la presencia de sensores que se activan ante la cercanía de los pacientes hacia las zonas identificadas en riesgo. Igualmente se verificó que fue socializado en inducción y reinducción. | AC57: 1. Se evidencia que la entidad cuenta con el protocolo de evasion y pèrdida de pacientes, revisado, actualizado y divulgado en la plataforma documental. Se realizòcapacitaciòn en la induccion y reinducciòn en el mes de enero de 2023 a todo el personal asistencial. En el mes de junio se realizò entrenamiento enfocado a los riesgos poblacionales, se verificaron las listas de asistencia. Igualmente se verificò que en el mes de mayo se realizò el simulacro de evasion y pèrdida de pacientes (còdigo laberinto), con un cumplimiento satisfactorio de adherencia del 89%. 2. En el primer semestre de 2023 se verificó en los servicios, el uso de las manillas de los pacientes, en donde se encuentra identificado el riesgo de evasión y demás. Igualmente en los tableros de las estaciones de enfermería se encuentran estos riesgos identificados en frente del nombre de cada paciente, al igual que en el Kardex de enfermería donde se encuentra identificado este riesgo. 3. Se evidenció por control interno en los servicios y en las áreas perimetrales la presencia de sensores funcionando y que se activan ante la cercanía de los pacientes hacia las zonas identificadas en riesgo. Igualmente se verificó que fue socializado en inducción y reinducción. 4. Se verifica por control interno que se aplica el còdigo laberinto y se lleva el indicador del primer semestre de 2023 de los intentos de evasiòn seguimiento al nuevo control | AD57: 1. Se evidencia que la entidad cuenta con el protocolo de evasion y pérdida de pacientes, revisado, actualizado y divulgado en la plataforma documental. Se realizò capacitaciòn en la inducción y reinducciòn en el mes de enero de 2023 a todo el personal asistencial. En el mes de junio se realizò entrenamiento enfocado a los riesgos poblacionales, se verificaron las listas de asistencia. Igualmente se verificò que en el mes de mayo y noviembre de 2023 se realizaron los simulacro de evasión y pèrdida de pacientes (còdigo laberinto), con un cumplimiento satisfactorio de adherencia del 100%. 2. En la vigencia 2023 se verificó en los servicios, el uso de las manillas de los pacientes, en donde se encuentra identificado el riesgo de evasión y demás. Igualmente en los tableros de las estaciones de enfermería se encuentran estos riesgos identificados en frente del nombre de cada paciente, al igual que en el Kardex de enfermería donde se encuentra identificado este riesgo. 3. Se evidenció por control interno en los servicios y en las áreas perimetrales la presencia de sensores funcionando y que se activan ante la cercanía de los pacientes hacia las zonas identificadas en riesgo. Igualmente se verificó que fue socializado en inducción y reinducción y se verificpo su funcionamiento. 4. Se verifica por control interno que se aplica el còdigo laberinto y se lleva el indicador controlado de evasion de pacientes en hospitalizaciòn y en urgencias, en la vigencia 2023 de los intentos de evasiòn seguimiento al nuevo control | BK57: 1. Se evidenció que el protocolo de evasión y pérdida de pacientes se socializó por medio de las sesiones breves realizadas en el mes de junio 2024 en todos los servicios con los EPM. 2. Igualmente se verifica que se realizó el simulacro de evasión y pérdida de pacientes, realizado en el mes de junio 2024, donde se obtuvo una adherencia del 80%. Se divulgaron los resultados por medio de redes, la participación fue del 100% de los asistentes. 3. Se estbleció que la identificación correcta de pacientes se realizó desde el ingreso del paciente y durante toda la ruta de atención, se evidencia en las rondas de seguridad que la identificación en los tableros de los servicios se encuentra identificado el riesgo. 4. Se evidenció el funcionamiento de los sensores perimetrales. 5. Se realizó el protocolo de evasión y pérdida de pacientes, evidenciando que el 100% de los pacientes que se evaden son ubicados y que ha disminuido en gran medida el número de evasiones comparado con años anteriores. 6. También desde la gestión del riesgo se segregan las evasiones por procesos y se midieron los indicadores en el año 2024. nuevo control
A58: 47 | B58: URGENCIAS | C58: Posibilidad de impacto en la prestación del servicio relacionado con fallas en la identificación de signos premonitorios de agresión debido a falta de capacitación y entrenamiento en valoración / exámen mental y manejo de agitación psicomotriz | D58: ='Matriz de riesgos Asist'!T34 -> MODERADO | E58: MODERADO | F58: Se cumplió con lo establecido en el plan de mejoramiento para que los controles se mitigaran y evitar la materialización del riesgo | G58: 1. Se evidenció que se realizó capacitación dirigida a personal asistencial en el protocolo de agitación psicomotriz, triage en salud mental, exámen mental y reconocimiento de premonitorios de enfermería y terapia ocupacional, tanto a los profesionales como a los auxiliares en exámen mental, normatividad de história clínica y registros de enfermería en abril 4, 11, 18 y 25 y en mayo 2 de 2022. En esta capacitación se trabajaron sobre los síntomas de agitación psicomotriz y se verificó que se realizó capacitación a los profesionales de enfermería en el primer semestre de 2022 sobre el triage durante el mes de febrero con apoyo de los EPM. 2.Se evidenció que en los Triage realizados aparecen los singos premoniotores que indican probable agitacion psicomotriz del paciente, en la revisión de la matríz de eventos adveros se evidenció que en los eventos adversos e incidentes se reconocen estos síntomas como factores que pueden contribuir a la agresión entre pacientes. | R58: 1.Se evidenció que se realizó capacitación de la META 6: reducir los riesgos de atención a personas con trastornos mentales, priorizando la atención segura a pacientes con agitación psicomotriz, en la vigencia se realizaron sesiones breves por parte de los EPM, con una cobertura del 91%. Igualmente se realizó capacitación en agitación psicomotriz y movilización segura con el 89% a nivel institucional, se capacitó en triage en salud mental al 93%, exámen mental, reconocimiento de premonitorios, normatividad de história clínica y registros de enfermería. 2. Se evidenció en la vigencia 2022, que en los Triage realizados aparecen los signos premoniotores que indican probable agitación psicomotríz del paciente, en la revisión de la matríz de eventos adversos se evidenció que en los eventos e incidentes se reconocen estos sintomas como factores que pueden contribuir a la agresión entre pacientes. 3. Se evidenció socialización en la inducción y reinducción institucional de las medidas predictivas preventivas y reactivas del riesgo de suicidio, incluyendo a terceros, del 95% según PIC. | AC58: 1. Control interno verificò que se realizò inducciòn y reinduccion en el mes de enero de 2023 capacitando a todo el personal asistencial hospitalario, relacionado con el rpotocolo de agitacion psicomotriz, teniendo en cuenta la contenciòn verbal, la contenciòn fisica, la contencion farmacologica y el debrifimg. De igual manera se evidencio que en las inducciones mensuales se socializa dicho protocolo. En el mes de junio 2023 se realiza entrenamiento en el manejo integral teorico practico del protocolo de agitaciòn psicomotriz 2. Evidenciè que en las historias clinicas se identifican los signos y sintomas de sospecha de agitaciòn psicomotriz y las medidas de intervencion segun el protocolo. 3. Se verificò que en primer semestre de 2023 se realizò la induccion y reinducciòn institucional a toda la poblaciòn institucional, dando cumplimiento a la Meta 6 de seguridad del paciente y se realizò entrenamiento en el mes de junio con temas especificos de salud mental, donde uno de los temas especiales es la atenciònn del paciente con agitaciòn psicomotri, con una asitencia de 62 funcionarios, mayor al 90% del personal esperado seguimiento al nuevo control | AD58: 1. Control interno verificò que se realizò inducciòn y reinduccion en el mes de enero de 2023 capacitando a todo el personal asistencial hospitalario, relacionado con el rpotocolo de agitación psicomotriz, teniendo en cuenta la contenciòn verbal, la contenciòn fisica, la contención farmacológica y el debrifimg. De igual manera se evidenció que en las inducciones mensuales se socializa dicho protocolo. Y en los meses de junio y noviembre de 2023 se realizó entrenamiento en el manejo integral teorico práctico del protocolo de agitaciòn psicomotriz, certificando al 90% del personal. 2. Evidenciè que en las histórias clínicas se identifican los signos y síntomas de sospecha de agitaciòn psicomotriz y las medidas de intervención segun el protocolo. 3. Se actualiza el PRT-TRA-14 protocolo de diagnóstico y manejo de agitación psicomotriz, en donde se realizò video tutorial para socializar dichas socializaciones y se capacitó en el mes de noviembre al personal asistencial y administrativo con una cobertura del 90% | BK58: 1. Se onservó por control interno que las capacitaciones articuladas al Plan Institucional de Capacitación PIC (Inducción y reinducción y protocolo de Agitación psicomotriz), fueron cumplidas en la vigencia 2024, teniendo en cuenta las circulares internas desde Gerencia con el objetivo de revisar los horarios y disposición de tiempos para capacitaciones, esta consulta se lleva al Departamento Administrativo de función pública y por lo tanto se reagendó el PIC. 2. Se evidenció en el 100% de las agitaciones psicomotrices la identificación de signos y síntomas. 3. Se verifica que se socializó en sesiones breves del mes de junio la Meta 6 de atención a pacientes con enfermedad mental, realizando capacitación de protocolo de agitación psicomotriz, cobertura del 97%. Se realizó simulacro en el mes de junio donde se evaluó adherencia al protocolo de atención de agitación psicomotriz con una adherencia del 91%
A59: 48 | B59: URGENCIAS | C59: Posibilidad de impacto en la prestación del servicio relacionado con fallas en la supervisión del paciente y su unidad debido a fallas en la búsqueda activa de SPA en el ingreso y la revisión de pertenencias y alimentos | D59: ='Matriz de riesgos Asist'!T35 -> BAJO | E59: ='Matriz de riesgos Asist'!AJ35 -> BAJO | F59: Se cumplió con lo establecido en el plan de mejoramiento para que los controles se mitigaran y evitar la materialización del riesgo | G59: Se verificó que se realizó capacitación a terceros y personal que ingresa a la institucion sobre los riesgos del paciente y los protocolos como el de deteccion de objetos peligrosos, que se encuentra como evidencia en talento humano realizado por la coordinacón asistencial. | R59: 1. En la vigencia 2022 se verificó que se realizó capacitación a terceros, proveedores, contratistas, personal que ingresa a la institución, proveedores, contratistas, sobre los riesgos del paciente y los protocolos como el protocolo de detección de objetos peligrosos, en el cual seguridad privada son partícipes, identificando el ingreso de objetos peligrosos como sustancias psicoactivas que puedan ingresar a la institución, actividad realizada por la coordinadora asistencial. Se evidenció igualmente que se realizó capacitación de la META 6: reducir los riesgos de atención a personas con trastornos mentales, priorizando la atención segura a pacientes con agitación psicomotriz, en la vigencia se realizaron sesiones breves por parte de los EPM, con una cobertura del 91% 2. Se evidenció socialización en la inducción y reinducción institucional de las medidas predictivas preventivas y reactivas del riesgo de suicidio, incluyendo a terceros, del 95% según PIC. | AC59: 1. En el primer semestre de 2023 se verificó que se realizó capacitación a terceros, proveedores, contratistas, personal que ingresa a la institución, con una evidencia de 479 asistencias, sobre los riesgos del paciente y los protocolos incluyendo el protocolo de detección de objetos peligrosos, en el cual seguridad privada son partícipes, identificando el ingreso de objetos peligrosos como sustancias psicoactivas que puedan ingresar a la institución, actividad realizada por la coordinadora asistencial. Se evidenció igualmente que se realizó capacitación de la META 6: en el mes de junio en cada uno de los servicios para reducir los riesgos de atención a personas con trastornos mentales, priorizando la atención segura a pacientes con agitación psicomotriz, en la vigencia se realizaron sesiones breves por parte de los EPM, con una cobertura del 90% 2. Se evidenció socialización en la inducción y reinducción institucional de las medidas predictivas preventivas y reactivas del riesgo de suicidio, incluyendo a terceros. | AD59: 1. En la vigencia se verificó que se realizó capacitación a terceros, proveedores, contratistas, personal que ingresa a la institución, con una evidencia de 479 asistencias, sobre los riesgos del paciente y los protocolos incluyendo el protocolo de detección de objetos peligrosos, en el cual seguridad privada son partícipes, identificando el ingreso de objetos peligrosos como sustancias psicoactivas que puedan ingresar a la institución, actividad realizada por la coordinadora asistencial. Se evidenció igualmente que se realizó capacitación de la META 6: en el mes de junio en cada uno de los servicios para reducir los riesgos de atención a personas con trastornos mentales, priorizando la atención segura a pacientes con riesgo de consumo de sustancias psicoactivas, en la vigencia se realizaron sesiones breves por parte de los EPM, con una cobertura del 90%, el indicador se encuentra controlodo. 2. Se evidenció socialización en la inducción y reinducción institucional de las medidas predictivas preventivas y reactivas del riesgo del consumo de SPA incluyendo a terceros. 3. Se evidencia que la central de monitoreo tienen acceso a todos los servicios 24 horas para detectar el riesgo de ingreso de SPA. Cuando identifican que se va a materializar el riesgo se comunican inmediatamente con el servicio donde se encuentra el paciente. Seguimiento al nuevo control | BK59: 1. Se evidenció que se realizó inducción y capacitación al personal de seguridad privada, empresa LASU, terceros y proveedores en la vigencia 2024 y se capacitó al 100% de la población nueva, teniendo en cuenta protocolos de seguridad del paciente, identificación de objetos peligrosos, protocolo de evasión y pérdida de pacientes, protocolo de agitación psicomotriz. 2. Se realizó capacitación en sesiones breves de seguridad del paciente en el mes de junio 2024 al 100 de los EPM, Cobertura 98%. 3. Se realizaron las capacitaciones articuladas al Plan Institucional de Capacitación PIC (Inducción y reinducción y protocolo de Agitación psicomotriz), teniendo en cuenta las circulares internas desde Gerencia con el objetivo de revisar los horarios y disposición de tiempos para capacitaciones, esta consulta se lleva al Departamento Administrativo de función pública y por lo tanto se reagendó el PIC en el segundo semestre 2024. 4. Se verifica que se reportó desde seguridad privada el ingreso de objetos peligrosos como sustancias psicoactivas, además en la ruta de ingreso del paciente el personal auxiliar también identifica objetos peligrosos como SPA. nuevo control
A60: 49 | B60: URGENCIAS | C60: Posibilidad de impacto en la prestación del servicio relacionado con fallas en aplicación de cuidados específicos en pacientes con riesgo de acercamiento sexual debido a fallas en la identificación de signos premonitorios para acercamiento sexual. | D60: ='Matriz de riesgos Asist'!T37 -> MODERADO | E60: ='Matriz de riesgos Asist'!AJ37 -> MODERADO | F60: Se cumplió con lo establecido en el plan de mejoramiento para que los controles se mitigaran y evitar la materialización del riesgo | G60: 1. Se evidenció que se ha capacitado y socializado a los lideres de EPM equipos primarios de mejoramiento en las GRI guías de reacción inmediata relacionado con el riesgo de acercamiento sexual que se realiza cada año en el segundo semestre. 2. Se evidenció que en las inducciones asistenciales se socializaron los riesgos del paciente inlcuido el de acercamiento sexual entre pacientes y los controles como sala por criticidad, moniotoreo por camaras, e identiicación de síntomas premonitorios. Se realizó inducción y reinducción en enero de 2022 donde se da exclusivamente los riesgos poblacionales y la implementacion de medidas preventivas, reactivas y predictivas por medio de la referente de seguridad del paciente. | R60: 1. Se evidenció que se realizó capacitación de la META 6: reducir los riesgos de atención a personas con trastornos mentales, priorizando la atención segura a pacientes con agitación psicomotriz, en la vigencia se realizaron sesiones breves por parte de los EPM, con una cobertura del 91%. 2. Se evidenció que en las inducciones asistenciales se socializaron los riesgos del paciente inlcuido el de acercamiento sexual entre pacientes y los controles como sala por criticidad, moniotoreo por camaras, e identiicación de síntomas premonitorios. Se realizó inducción y reinducción, donde se da exclusivamente los riesgos poblacionales y la implementación de medidas preventivas, reactivas y predictivas por medio de la referente de seguridad del paciente. 3. Se evidenció socialización en la inducción y reinducción institucional de las medidas predictivas preventivas y reactivas del riesgo de suicidio, incluyendo a terceros, del 95% según PIC. | AC60: 1. Se evidenció que se realizó capacitación de la META 6: reducir los riesgos de atención a personas con trastornos mentales, priorizando la atención segura a pacientes con agitación psicomotriz, en la vigencia se realizò la sesion en el mes de junio de 2023. 2. Se evidenció que en las inducciones asistenciales se socializaron los riesgos del paciente, asistieron 479 colaboradores incluyendo terceros, proveedpres, docencia servicio, se incluyeron los riesgos de acercamiento sexual entre pacientes y los controles como sala por criticidad, moniotoreo por camaras, e identiicación de síntomas premonitorios. Se realizó inducción y reinducción, donde se da exclusivamente los riesgos poblacionales y la implementación de medidas preventivas, reactivas y predictivas por medio de la referente de seguridad del paciente. 3. Se evidenció socialización en la inducción y reinducción institucional de las medidas predictivas preventivas y reactivas del riesgo de suicidio, incluyendo a terceros.. 4. en las auditorias a los servicios se identifican las medidas preventivas del riesgo de acercamiento sexual como salas por criticidad y genero, habitaciones con càmara, pacientes con riesgo con compañia permanente. 5. Se evidencia por control interno que se cuenta con un indicador de acercamiento sexual controlado, cumpliendo con la meta establecida. FOR-SIG-17. en el primer semestre de 2023. Seguimiento Nuevo control | AD60: 1. Se evidenció que se realizó capacitación de la META 6: reducir los riesgos de atención a personas con trastornos mentales, priorizando la atención segura a pacientes con agitación psicomotriz, en la vigencia 2023 se realizaron sesiones breves de la Meta Nro. 6 en riesgos de acercamento sexual. 2. Se evidenció que en las inducciones asistenciales se socializaron los riesgos del paciente, asistieron 832 colaboradores incluyendo terceros, proveedores, docencia servicio, se incluyeron los riesgos de acercamiento sexual entre pacientes y los controles como sala por criticidad, monitoreo por cámaras, e identiicación de síntomas premonitorios. Se realizó inducción y reinducción, donde se da exclusivamente los riesgos poblacionales y la implementación de medidas preventivas, reactivas y predictivas por medio de la referente de seguridad del paciente. 3. Se evidenció socialización en la inducción y reinducción institucional de las medidas predictivas preventivas y reactivas del riesgo de suicidio, incluyendo a terceros. 4. en las auditorías a los servicios se identifican las medidas preventivas del riesgo de acercamiento sexual como salas por criticidad y genero, habitaciones con càmara, pacientes con riesgo con compañia permanente, en la vigencia 2023 con indicador controlado. 5. Se evidencia por control interno que se cuenta con un indicador de acercamiento sexual controlado, cumpliendo con la meta establecida. FOR-SIG-17. en la vigencia de 2023. Seguimiento Nuevo control | BK60: 1. Se verifica que se realizó capacitación en sesiones breves de seguridad del paciente en el mes de junio 2024 al 100 de los EPM, Cobertura 98% en el cual uno de los temas de la META 6 es prevención de acercamiento sexual. 2. Se realizó Inducción, reinducción y protocolos como de acercamiento sexual y prevención de consumo de SPA en la vigencia 2024., teniendo en cuenta las circulares internas desde Gerencia con el objetivo de revisar los horarios y disposición de tiempos para capacitaciones. 3. Se evidenció que se realizó capacitación en sesiones breves de seguridad del paciente en el mes de junio 2024 al 100 de los EPM, Cobertura 98% en el cual uno de los temas de la META 6 es prevención de suicidio. Se realizó induccion y capacitacion al personal de seguridad privada, empresa LASU, terceros y proveedores, se capacita al 100% de la población nueva, teniendo en cuenta protocolos de seguridad del paciente, identificación de objetos peligrosos, protocolo de evasión y pérdida de pacientes, protocolo de agitación psicomotriz, prevencion de suicidio. 4. Las Rondas de seguridad se aumentaron según informes de años anteriores, incrementando a 15 por mes, para tener un total en el primer semestre 90 rondas de seguridad. 5. El indicador de acercamiento sexual se verifica que está controlado en el año 2024, se presentó un incidente de acercamiento sexual en el mes de febrero y el resto del semestre no se han presentado casos de acercamiento sexual. Cuenta con ficha técnica de indicador medido por seguridad del paciente. 6. Se verificó que se reportó desde seguridad privada el ingreso de objetos peligrosos como sustancias psicoactivas, además en la ruta de ingreso del paciente el personal auxiliar también identifica objetos peligrosos como SPA Nuevo control
A61: 50 | B61: URGENCIAS | C61: Posibilidad de impacto en la prestación del servicio relacionado con falta en la aplicación y/o supervisión de las actividades relacionadas con los cuidados específicos a fallas en la identificación de los pacientes con riesgo de intento suicida | D61: ='Matriz de riesgos Asist'!T38 -> MODERADO | E61: ='Matriz de riesgos Asist'!AJ37 -> MODERADO | F61: Se cumplió con lo establecido en el plan de mejoramiento para que los controles se mitigaran y evitar la materialización del riesgo | G61: 1. Se evidenció el diligenciamiento de la escala e identificación del riesgo de suicidio SAD PERSONS que la realizan los psiquiatras al ingreso del paciente. Se evidenció la realizacion del TRIAGE por parte de los enfermeros identificando riesgos de suicidio. Se evidenció que el hospital cuenta con un funcionario de seguridad privada exclusivo para la monitorizacion de cámaras y alarmas. 2. Se evidenció que el protocolo de detección de objetos peligrosos es socializado en inducción asistencial. Se evidenció socialización en la inducción y reinducción institucional en enero 2022 de las medidas predictivas, preventivas y reactivas del riesgo de suicidio. | R61: 1. Se evidenció el diligenciamiento de la escala e identificación del riesgo de suicidio SAD PERSONS que la realizan los psiquiátras al ingreso del paciente y f ue auditado en la auditoria PAR. 2. Se evidenció la realización del triage por parte de los enfermeros identificando riesgos de suicidio, en história clínica, en manilla de identificación del paciente, colocando el riesgo con color lila según protocolo, con lista de chequeo de adherencia de identificación correcta del 91% 2. Se evidenció que el hospital cuenta con una central de monitoreo, con la intención de hacer seguimiento por cámaras a los pacientes en los diferentes servicios. 3. Se evidenció que el protocolo de detección de objetos peligrosos es socializado en inducción asistencial. 4. Se evidenció socialización en la inducción y reinducción institucional de las medidas predictivas preventivas y reactivas del riesgo de suicidio, incluyendo a terceros, del 95% según PIC. 5. Se evidenció capacitación al paciente, familia y comunidad en la prevención del suicidio con apoyo del grupo de educación en salud GES, con una participación de 698 usuarios en el 2022. | AC61: 1. Se evidenció que el hospital cuenta con una central de monitoreo, càmaras, sesnsores perimetrales con la intención de hacer seguimiento a los pacientes en los diferentes servicios. 2. Se evidenció que el protocolo de detección de objetos peligrosos es socializado en inducción asistencial. 3. Se evidenció socialización en la inducción y reinducción institucional de las medidas predictivas preventivas y reactivas del riesgo de suicidio, incluyendo a terceros, a 479 colaboradores. 4. Se evidencia que la realización del triage por parte de los enfermeros identificando riesgos de suicidio, en história clínica, en manilla de identificación del paciente, colocando el riesgo con color lila según protocolo, con lista de chequeo de adherencia de identificación correcta mayor del 90% y un indicador controlado tasa de incidencia de intento suicida interinstitucional en el primer semestre. Seguimiento al nuevo riesgo | AD61: 1. Se evidenció la realización del triage por parte de los enfermeros identificando riesgos de suicidio, en história clínica, en manilla de identificación del paciente, colocando el riesgo con color lila según protocolo, con lista de chequeo de adherencia de identificación correcta mayor del 90% 2. Se evidenció que el hospital cuenta con una central de monitoreo, càmaras, sensores perimetrales con la intención de hacer seguimiento a los pacientes en los diferentes servicios. 3. Se evidenció que el protocolo de detección de objetos peligrosos es socializado en inducción asistencial. 4. Se evidenció socialización en la inducción y reinducción institucional de las medidas predictivas, preventivas y reactivas del riesgo de suicidio, incluyendo a terceros, a 479 colaboradores. 5. Se evidencia que la realización del triage por parte de los enfermeros identificando riesgos de suicidio, en história clínica, en manilla de identificación del paciente, colocando el riesgo con color lila según protocolo, con lista de chequeo de adherencia de identificación correcta mayor del 90% y un indicador controlado tasa de incidencia de intento suicida interinstitucional en la vigencia 2023 con indicador controlado. Seguimiento al nuevo control | BK61: 1. Se verifica que se realizó la identificación de los riesgos al 99% de la población, mitigando los riesgos, evidenciando que el 0.5% de los riesgos se materializan. Se han presentado CERO suicidios. 2. Se estableció que se realizó capacitación en sesiones breves de seguridad del paciente en el mes de junio 2024 al 100 de los EPM, cobertura 98% en el cual uno de los temas de la META 6 es la prevención de acercamiento sexual. 3. Igualmente se realizó capacitación en sesiones breves de seguridad del paciente en el mes de junio 2024 al 100 de los EPM, cobertura del 98% en el cual uno de los temas de la META 6 es prevención de suicidio. Se realizó induccion y capacitacion al personal de seguridad privada, empresa LASU, terceros y proveedores, en el primer semestre se capacitó al 100% de la población nueva, teniendo en cuenta protocolos de seguridad del paciente, identificación de objetos peligrosos, protocolo de evasión y pérdida de pacientes, protocolo de agitación psicomotriz y prevencion de suicidio. 4. Se evidenció en el 100% de las histórias clínicas de pacientes con riesgo suicida la identificación correcta de paciente según protocolo. nuevo control
A62: 51 | B62: URGENCIAS | C62: Posibilidad de impacto en la reputación institucional relacionado con la vulneración de derechos e incumplimiento de características de calidad debido a la adherencia deficiente a las prácticas humanizantes | D62: ='Matriz de riesgos Asist'!T38 -> MODERADO | E62: MODERADO | F62: Se cumplió con lo establecido en el plan de mejoramiento para que los controles se mitigaran y evitar la materialización del riesgo | G62: Se evidenciaron los listados de asistencia y el contenido de la inducción asistencial que se realizó a terceros y personal institucional, la socialización de los derechos y deberes, el protocolo de servicio y las prácticas humanizantes, también reposa la evidencia de la inducción y reinducción del PIC que lo soporta talento humano donde se habla de estos contenidos. Se evidenciaron las listas de chequeo de prácticas humanizantes y los resultados del informe de mapa de empatía que evalúa la adherencia a dichas prácticas. Se evidenció la resolutividad de las manifestaciones de tipo de vulneración de derechos y la socialización en el comité de ética. | R62: 1. Se evidenciaron los listados de asistencia y el contenido de la inducción asistencial que se realiza a terceros y personal institucional la socialización de los derechos y deberes, el protocolo de servicio y las prácticas humanizantes, también reposa la evidencia de la inducción y reinducción del PIC que lo soporta talento humano donde se habla de estos contenidos, con una cobertura del 95% 2. Se evidenciaron las listas de chequeo de prácticas humanizantes del 100% según listas de chequeo realizadas por los EPM. Se logró cumplimiento del 93% de prácticas humanizantes, cobertura de capacitación institucional en humanización de la atención en salud del 97%, cumplimiento del 96% en la estrategia NOD. Se alcanzó el 96% de satisfacción global por parte de los usuarios en donde el 99% recomendarían esta institución. 3. Se evidenció la resolutividad de las manifestaciones de tipo de vulneración de derechos y la socialización en el comité de ética. | AC62: 1. Se evidenciaron los listados de asistencia y el contenido de la inducción asistencial que se realiza a terceros y personal institucional la socialización de los derechos y deberes, el protocolo de servicio y las prácticas humanizantes, también reposa la evidencia de la inducción y reinducción del PIC que lo soporta talento humano. 2. Se evidenciaron las listas de chequeo de prácticas humanizantes con un indicador mayor al 90% se evidencia la recepciòn de mas de 360 manifstaciones en el cual las felicitaciones son el 80% por el trato hum,anzado al paciente y se encuentra un 99.7 % de satisfacciòn global. El 100% de los pacientes reconocen lal menos dos derechos y dos deberes. Se evidencia la participacion activa, acadèmica a nivel regional y nacional der la atenciòn humanizada centrada en la persona. seguimiento nuevo control 3. Se evidenció la resolutividad de las manifestaciones de tipo de vulneración de derechos y la socialización en el comité de ética. seguimiento nuevo control | AD62: 1. Se evidenciaron los listados de asistencia y el contenido de la inducción asistencial que se realiza a terceros y personal institucional la socialización de los derechos y deberes, el protocolo de servicio y las prácticas humanizantes, también reposa la evidencia de la inducción y reinducción del PIC que lo soporta talento humano. 2. Se evidenciaron las listas de chequeo de prácticas humanizantes con un indicador mayor al 100% se evidencia la recepciòn de más de 360 manifestaciones en el cual las felicitaciones son el 80% por el trato humanizado al paciente y se encuentra un 99.7 % de satisfacciòn global. El 100% de los pacientes reconocen al menos dos derechos y dos deberes. Se evidencia la participación activa, acadèmica a nivel regional y nacional de la atenciòn humanizada centrada en la persona. Se identifica adherencia a listas de chequeo de prácticas humanizantes del 100% 3. Se evidenció la resolutividad de las manifestaciones de tipo de vulneración de derechos y la socialización en el comité de ética. Se evidenció la resolutividad de las manifestaciones del 100% en la vigencia 2023, de tipo de vulneración de derechos y la socialización en el comité de ética. seguimiento nuevo control | BK62: 1. Se verificó que en la vigencia 2024 se realizó la socialización de los derechos y deberes. Las capacitaciones articuladas al Plan Institucional de Capacitación PIC (Inducción y reinducción y protocolos como de acercamiento sexual y prevención de consumo de SPA), , teniendo en cuenta las circulares internas desde Gerencia con el objetivo de revisar los horarios y disposición de tiempos para capacitaciones, esta consulta se lleva al Departamento Administrativo de función pública y por lo tanto se reagendó el PIC en el segundo semestre 2024. 2. Se estableció por control interno que en la vigencia 2024 el indicador y el grado de aplicación de prácticas humanizantes fue del 100% dando resultado satisfactorio comparado con la meta que es del 70%. Se evidenció la recepción de las manifestaciones las cuales el 80% corresponden a felicitaciones por trato humanizado al paciente y encontrando una satisfacción global del 99.7%. El 100% de los pacientes reconocen dos derechos y dos deberes. Se evidenció la atención centrada a la persona como pilar fundamental en la prestación del servicio. 3. Se evidenció la resolutividad de la manifestaciones de tipo vulneración de derechos y la socialización en el comité de ética, se evidencio la resolutividad de las manifestaciones en un 98% en la vigencia 2024. nuevo control.
A63: 52 | B63: URGENCIAS | C63: Posibilidad de impacto en la prestación del servicio relacionado con el incumplimiento de características de calidad debido a la deficiente comunicación entre procesos asistenciales y Laboratorio clínico (Tercero) | D63: ='Matriz de riesgos Asist'!T41 -> MODERADO | E63: MODERADO | F63: Se cumplió con lo establecido en el plan de mejoramiento para que los controles se mitigaran y evitar la materialización del riesgo | G63: Se evidencia que se monitoriza el indicador de resultados criticos de manera mensual. | R63: El profesional universitario de calidad y la coordinadora de la sede de laboratorio, desde el segundo semestre de 2022 definieron los indicadores del proceso de laboratorio clínico que aplican para el servicio en el formato de FOR-SIG-17 Ficha Técnica de Indicadores, con las metas según los requisitos de habilitacion y acreditación. Entre los indicadores que se formularon están: Oportunidad en la entrega de resultados de urgencias y hospitalización, oportunidad en la entrega de resultados críticos, porcentaje de nuevas muestras solicitadas y porcentaje de resultados cargados a la interfase. Se verifico que el equipo de autoevaluación de procesos asistenciales (PACAS) y la coordinadora de la sede de laboratorio que funciona en el hospital, que cada mes se realizaría una reunión de socialización y seguimiento a los indicadores establecidos con el área de calidad. Igualmente se observó que el líder de servicios ambulatorios con la profesional universitario de sistemas realizaron seguimiento permanente al cargue de los resultados de laboratorios clínicos solicitados a la interfase del software institucional. | AC63: 1. El profesional universitario de calidad y la coordinadora de la sede de laboratorio, desde el segundo semestre de 2022 definieron los indicadores del proceso de laboratorio clínico que aplican para el servicio en el formato de FOR-SIG-17 Ficha Técnica de Indicadores, con las metas según los requisitos de habilitacion y acreditación. Entre los indicadores que se formularon están: Oportunidad en la entrega de resultados de urgencias y hospitalización, oportunidad en la entrega de resultados críticos, porcentaje de nuevas muestras solicitadas y porcentaje de resultados cargados a la interfase. 2. Se verifico que el equipo de autoevaluación de procesos asistenciales (PACAS) y la coordinadora de la sede de laboratorio que funciona en el hospital, que cada mes se realizaría una reunión de socialización y seguimiento aL indicador de tiempo de entrega de resultados crìticos el cual para el primer semestre el promedio fue de 7.1 minutos. Igualmente se observó que el líder de servicios ambulatorios con la profesional universitario de sistemas realizaron seguimiento permanente al cargue de los resultados de laboratorios clínicos solicitados a la interfase del software institucional. Ver actas de laboratorio Seguimiento al nuevo control | AD63: 1. El profesional universitario de calidad y la coordinadora de la sede de laboratorio, desde el segundo semestre de 2022 definieron los indicadores del proceso de laboratorio clínico que aplican para el servicio en el formato de FOR-SIG-17 Ficha Técnica de Indicadores, con las metas según los requisitos de habilitacion y acreditación. Entre los indicadores que se formularon están: Oportunidad en la entrega de resultados de urgencias y hospitalización, oportunidad en la entrega de resultados críticos, porcentaje de nuevas muestras solicitadas y porcentaje de resultados cargados a la interfase. En Urgencias la oportunidad fue de 3 horas 13 minutos, la oportunidad en Hospitalización fue de 4 Horas 19 minutos, nuevas muestras 0,1% , Oportunidad en Críticos fue de 34,3 minutos. Se verificó que el equipo de autoevaluación de procesos asistenciales (PACAS) y la coordinadora de la sede de laboratorio que funciona en el hospital, que cada mes se realizaría una reunión de socialización y seguimiento a los indicadores establecidos con el área de calidad. Igualmente se observó que el líder de servicios ambulatorios con la profesional universitario de sistemas realizaron seguimiento permanente al cargue de los resultados de laboratorios clínicos solicitados a la interfase del software institucional. Ver actas de laboratorio. 2. Se verifico que el equipo de autoevaluación de procesos asistenciales (PACAS) y la coordinadora de la sede de laboratorio que funciona en el hospital, que cada mes se realizaría una reunión de socialización y seguimiento aL indicador de tiempo de entrega de resultados crìticos el cual para el primer semestre el promedio fue de 7.1 minutos. Igualmente se observó que el líder de servicios ambulatorios con la profesional universitario de sistemas realizaron seguimiento permanente al cargue de los resultados de laboratorios clínicos solicitados a la interfase del software institucional. Ver actas de laboratorio Seguimiento al nuevo control | BK63: 1. Se evidencia que se continua con el reporte y medición de los indicadores de laboratorio clínico definidos conjuntamente entre el equipo asistencial PACAS y el proveedor del servicio de laboratorio clínico. Estos indicadores son recibidos por el profesional de calidad y cargados al BSC. 2. Se establecieron los resultados de los porcentajes de exámenes de laboratorio clínico realizados: 99.97%; Reportes de exámenes de laboratorio clínico entregados: 99.9%; Proporción de nuevas muestras solicitadas: 0.1%; Exámenes procesados no entregados: 0%; Oportunidad en la entrega de resultados de exámenes de laboratorio clínico de Urgencias: 3 horas 10 minutos; Oportunidad en la entrega de resultados de exámenes de laboratorio clínico en el servicio de hospitalización: 5 horas 24 minutos; Oportunidad en la notificación de resultados críticos de laboratorio clínico: 14.31; Proporción de resultados críticos de laboratorio clínico notificados en tiempo menor a 30 minutos: 93%. 3. Se verifica que se continuo realizando las reuniones mensuales del proveedor del servicio de laboratorio clínico con el equipo de autoevaluación PACAS. Igualmente se continúa realizando el seguimiento al cargue de resultados de laboratorio clínico a la interfase del software institucional.
A64: 53 | B64: CONSULTA EXTERNA | C64: Posibilidad de impacto en la prestación de servicio por educación deficiente al paciente y familia en temas individuales y colectivos debido a la falta en la evaluación de entendimiento de la educación al paciente ambulatorio | D64: ='Matriz de riesgos Asist'!T45 -> MODERADO | E64: BAJO | F64: Se cumplió con lo establecido en el plan de mejoramiento para que los controles se mitigaran y evitar la materialización del riesgo | G64: 1. Se verificó por control interno que las rutas de atención se encuentran en la plataforma documental y fueron socializadas en la inducción y reinducción realizada en la institución y en los EPM durante los meses de febrero y mayo en las sesiones breves. 2.Se verificó por control interno en la revisión de la muestra de histórias clínicas establecidas que se encuentran registrado los riesgos que fueron identificados al ingreso. 3.Se verificó que en la plataforma documental se encuentran publicadas las guías de práctica clínica. Se verificó el informe de auditoría par del primer semestre de 2022 donde se encuentra la medición de la adherencia a las guías de práctica clínica. 4. Se verificó por control interno que se tomo muestra del diligenciamiento de los formularios, en donde se evidencia que si de hace seguimiento del egreso a los pacientes de primea vez | R64: 1. Al finalizar la vigencia, control interno estableció que se desarrolló el cronograma de las actividades propuestas por el grupo de Educación en Salud (GES) y se evidenciaron en el Drive. Igualmente se resalta la aceptación por parte de la comunidad al club de ciudadores, estrategia institucional, eductiva para el paciente, familia y comunidad, logrando la participación de 698 usuarios en el año 2022 2. Se evidenciaron las capacitaciones en las actas que realizaron los Equipos Primarios de Mantenimiento (EPM), al finalizar la vigencia 2022. Se realizó capacitación a los pacientes y familia en el año 2022 con una asistencia de 6.115 usuarios. 3. Control interno tomó muestra al finalizar la vigencia 2022 en donde se verificó la educación brindada al paciente por el equipo tratanrte, através de histórias clinicas y actas de EPM y los informes del grupo de educación en salud GES. | AC64: 1. Se evidencia el plan de trabajo del Grupo de Educaciòn Ges para el 2023. 2. Se cuenta con evidencia de educacion individual por servicio por mes a los pacientes. 3. Se evidencia en las H.C. la educacion al paciente en enfermedad mental VERIFICAR 4. Se establece que ser actualiza en el primer semestre el contenido de la guia del usuario version 2023 el cual se solicita a comunicaciones nuevo diseño, implementacion de manera digital, divulgacion por televisores en fisico y QR. Se implementa la necesidad de comunicaion educativa al paciente familia y comunidad, teniendo en cuenta segunda lengua en ingles, acceso a personas con diferentes discapacidades y lengua NASA YUWE, como lengua indigena. | AD64: 1. Se evidencia un cumplimiento del plan de trabajo del Grupo de Educaciòn Ges a noviembre de 2023. del 90% 2. Se cuenta con evidencia de educacion individual por servicio por mes a los pacientes en el año 2023 de 2432 asistencias a actividades eductativas individuales y 2811 actividades colectivas. 3. Se evidencia los formatos en google form de la educacion al paciente en enfermedad mental fueron 1057 formularios. Igualmente se establece que se actualizò en la presente vigencia 2023, el contenido de la guia del usuario version 2023, el cual se solicitò a comunicaciones nuevo diseño, implementacion de manera digital, divulgacion por televisores en fisico y QR. Se implementa la necesidad de comunicaciòn educativa al paciente familia y comunidad, teniendo en cuenta segunda lengua en ingles, acceso a personas con diferentes discapacidades y lengua NASA YUWE, como lengua indigena. 4. Se verificò que se desarrollan las listas de asistencia en el registro de actividades educativas por terapia ocupacional y en la vigencia 2023, 9.130 pacientes recibieron educacion por parte de terapia ocupacional, en temas relacionados como; manejo de residuos, derechos y deberes. lavado de manos, seguridad del paciente, plan de emergencias y evacuacion, enfermedad mental. Seguimiento Nuevo rcontrol | BK64: 1. Se verificó que se dió cumplimento al plan de trabajo del grupo de educación en salud con el 100% de las actividades programadas, con una cobertura para el primer semestre 6632 personas educadas entre colaboradores, paciente, cuidador y/o familia. 2. Se verifica que se cuenta con evidencia de educación individual en donde estas educaciones se realizan en los servicios de hospitalización, consulta externa, urgencias, intervención social y comunitaria. 3. Se evidenció que se realizarón los formatos en google sobre la educación al paciente con enfermedad mental donde contamos con dos formularios en la plataforma de google forms : Encuesta de autocuidado y encuesta exámen en temas de educación en salud. 5. Se evidenció que se registraron asistencias educativas por terapia ocupacional en donde se realizaron actividades educativas en manejo de residuos, lavado de manos, Deberes y derechos (CER-CIR) , Enfermedad mental, Plan Hospitalario de Emergencia (rutas de evacuación, sistemas de alarma, puntos de encuentro, extintores) y Plan Hospitalario de Emergencias (rutas de evacuación, sistemas de alarma, puntos de encuentro, extintores). Nuevo rcontrol
A65: 54 | B65: CONSULTA EXTERNA | C65: Posibilidad de impacto en la prestación de servicio por fallas en la señalización de piso mojado, fallas en la intervención de factores coadyuvantes a caídas en el paciente (efectos secundarios de los medicamentos, alteraciones del equilibrio) debido a la condición clínica del paciente | D65: ='Matriz de riesgos Asist'!T48 -> MODERADO | E65: MODERADO | F65: Se cumplió con lo establecido en el plan de mejoramiento para que los controles se mitigaran y evitar la materialización del riesgo | G65: 1.Se evidenció que durante todo el mes de febrero se realizó capacitación en protocolo de caídas y de la sesión breve de Meta #2. 2. Se evidenció la aplicación de la lista de chequeo para la prevención de caídas. 3. Se evidenció en las actas que los EPM realizan sesiones breves de la meta 2 ( prevención en caídas) | R65: 1. Al finalizar lel segundo semestre de la vigencia 2022, se evidenció en las actas de los equipos primarios de mejoramiento la capacitación sobre las sesión breve de la Meta 2 de seguridad de paciente prevención de caidas con una cobertura del 92% según el plan institucional de capacitación de la vigencia 2022 2. Se verificó que se aplicó la Escala de Morse para la identificación del riesgo de caidas, de lo cual se evidenció el registro en el Kardex de enfermería. 3. Se evidenció en las actas, que los EPM realizaron sesiones breves de la meta 2 ( prevención en caídas) 4. Se verificó que se realizaron rondas de seguridad en donde se verificó infraestructura segura para la prevención de caídas, socializado al comité de seguridad del paciente para el plan de mejoramiento. | AC65: 1. Se verifica que se realiza sesion breve en el mes de enero a todos los EPM, socializando el protocolo de prevenciòn de caidas, como meta numero 1 de seguridad del paciente, en la induccion y reinduccion anual realizada en el mes de enero de 2023 se capacitò sobre la meta >Nro. 1 de prevencion de caidas. 2. Se vertifica que se realizan 4 listas de chequeo por servicio por mes, evidenciando una adherencia mayor al 90% como satisfactoria. 3.Se evidenció en las actas, que los EPM realizaron sesiones breves de la meta 2 ( prevención en caídas), y se verifica en las actividades educativas con los pacientes, la orientacion relacionada con el autocuidado para prevenir caidas. Se realizò una revisiòn y ajuste en el consentimiento informado de hospitalizacion y se propone en formato de orientacion por riesgo alto de caida de compañia permanente por cuidador o familiar al paciente, buscando mayor compromiso por parte de la fanilia, para aquellos pacientes con alto riego. 4. Se evidencia en los informes la aplicacion de rondas de seguridad a los servicios una por me 6 en total. 5. Se verificò que se gestionò el FOR-HOS-10 y firmado por el familiar en el primer semestre de 2023. Seguimiento al nuevo control | AD65: 1. En la vigencia 2023 se verifica una cobertura del 95% de capacitacion en la Meta 2. 2. Se vertifica que se realizan 4 listas de chequeo por servicio por mes, evidenciando una adherencia mayor al 90% como satisfactoria. 3.Se evidenció en las actas, que los EPM realizaron sesiones breves de la meta 2 ( prevención en caídas), y se verifica en las actividades educativas con los pacientes, la orientación relacionada con el autocuidado para prevenir caidas. Se realizò una revisiòn y ajuste en el consentimiento informado de hospitalización y se socializó en el segundo semestre de 2023 el formato FOR-HOS-16 publicado en la plataforma documental. 4. Se evidencia en los informes la aplicación de rondas de seguridad a los servicios una por mes 12 en total. | BK65: 1. Se observó por control interno que se realizó capacitación de la Meta 2: Se realizan las sesiones breves en el 100% de los EPM logrando una cobertura del 98%. 2. Se verifica que se realizaron las listas de chequeo en la vigencia 2024, con una adherencia mayor del 94% 3. Se evidenció en cada servicio y acta de lideres de EPM, las sesiones breves de prevención de caídas realizadas en el mes de febrero 2024, también se brindó educación en los club de cuidadores en el mes de febrero incentivando el autocuidado y se profundizó en la prevención de caídas. También con el equipo de terapeutas se realizó psicoeducación semanal en el cual están las psicoeducaciones de prevención de caídas. 4. Se estableció al seguimiento que las Rondas de seguridad se han aumentado según informes de años anteriores, incrementando a 15 por mes. 5. Se evidenció el cumplimiento del plan de trabajo del grupo de educación en salud en un 100% que corresponde a las actividades planteadas para la vigencia 2024. 7. Se observo por control interno que se registraron asistencias educativas por terapia ocupacional en la vigencia 2024, en donde se realizaron actividades educativas en manejo de residuos, lavado manos, Deberes y derechos, Enfermedad mental, Plan Hospitalario de Emergencia (rutas de evacuación, sistemas de alarma, puntos de encuentro, extintores) y Plan Hospitalario de Emergencia (rutas de evacuación, sistemas de alarma, puntos de encuentro, extintores). 8. Se verificó al seguimiento que se realizarón los formatos en google sobre la educación al paciente con enfermedad mental en donde se cuenta con dos formularios en la plataforma de google forms : Encuesta de autocuidado y la Encuesta exámen en temas de educación en salud. 9. Se verificó que se registraron asistencias educativas por terapia ocupacional en donde se realizaron actividades educativas en manejo de residuos, lavado manos, deberes y derechos (CER-CIR), Enfermedad mental, Plan Hospitalario de Emergencia (rutas de evacuación, sistemas de alarma, puntos de encuentro, extintores) y Plan Hospitalario de Emergencia (rutas de evacuación, sistemas de alarma, puntos de encuentro, extintores). Nuevo control
